 Dungeon Crawl Stone Soup version 0.30-a0-782-ge64f9170bb (webtiles) character file.

Game seed: 14145570543148178760

21401521 RepoMan the Corpseflower (level 27, 164/164 HPs)
             Began as a Vine Stalker Necromancer on Feb 20, 2023.
             Was the Champion of Wu Jian.
             Escaped with the Orb
             ... and 15 runes on Feb 25, 2023!
             The game lasted 12:33:21 (70941 turns).

RepoMan the Corpseflower (VSNe)                    Turns: 70941, Time: 12:33:22

Health: 164/164    AC: 51    Str: 29    XL:     27
Magic:  46/46      EV: 16    Int: 19    God:    Wu Jian [******]
Gold:   9015       SH:  9    Dex: 17    Spells: 12/63 levels left

rFire   + + +      SeeInvis +      - Unarmed
rCold   + . .      Faith    .    q - +3 warlock's mirror {omnireflect}
rNeg    . . .      Spirit   +    F - +12 gold dragon scales
rPois   +          Reflect  +    e - +1 hat of Follow the Leader {Int+4}
rElec   +          Harm     .    l - +2 cloak of Mumblety Peg {Rampage rElec Will+ Str+3}
rCorr   +          Rampage  +    C - +2 pair of gloves of Quantum Leap {rElec rPois Str+5 Stlth-}
Will    +++++                    U - +2 pair of boots Stlth
                                 g - amulet of regeneration
HPRegen 2.07/turn                R - ring "Uhorghe" {Fly rPois rF+ Stlth-}
MPRegen 0.30/turn                O - ring of the Camelopard {rF+ Will+++ rCorr Str-2 SInv}

@: flying, studying 2 skills
A: fangs 3, regeneration 1, magic shield, antimagic bite, no potion heal 2
0: Orb of Zot
}: 15/15 runes: barnacled, slimy, silver, golden, iron, obsidian, icy, bone,
abyssal, demonic, glowing, magical, fiery, dark, gossamer
a: Renounce Religion, Wall Jump, Serpent's Lash, Heavenly Storm


You escaped.
You worshipped Wu Jian.
Wu Jian was exalted by your worship.
You visited 18 branches of the dungeon, and saw 87 of its levels.
You visited Pandemonium 3 times, and saw 15 of its levels.
You visited the Abyss 2 times.
You visited 1 bazaar.
You visited 1 ziggurat, and saw 7 of its levels.
You also visited: Trove and Wizlab.

You collected 14212 gold pieces.
You spent 5197 gold pieces at shops.

Inventory:

Missiles
 x - 8 throwing nets
Armour
 a - the +0 cloak "Hiapn" {rC+}
   (You found it in a wizard's laboratory)

   rC:        It protects you from cold.
 e - the +1 hat of Follow the Leader (worn) {Int+4}
   (You found it in a wizard's laboratory)

   Int:       It affects your intelligence (+4).
 l - the +2 cloak of Mumblety Peg (worn) {Rampage rElec Will+ Str+3}
   (You found it on level 3 of the Elven Halls)

   Str:       It affects your strength (+3).
   rElec:     It insulates you from electricity.
   Rampage:   It bestows one free step when moving towards enemies.
   Will:      It increases your willpower.
 q - the +3 warlock's mirror (worn) {omnireflect}
   (You found it on level 7 of the Iron City of Dis)

   Omnireflect: It can block and reflect piercing ranged attacks and magical
   attacks against the wielder's willpower.
 r - the +8 plate armour "Upsema" {Fly Regen+ Str+2 Int+3}
   (You took it off a merfolk on level 1 of the Shoals)

   Str:       It affects your strength (+2).
   Int:       It affects your intelligence (+3).
   Fly:       It grants you flight.
   Regen:     It increases your rate of health regeneration.
 C - the +2 pair of gloves of Quantum Leap (worn) {rElec rPois Str+5 Stlth-}
   (You acquired it on level 2 of the Orcish Mines)

   Str:       It affects your strength (+5).
   rElec:     It insulates you from electricity.
   rPois:     It protects you from poison.
   Stlth:     It makes you less stealthy.
 F - +12 gold dragon scales (worn)
 U - a +2 pair of boots (worn)
 Z - the +4 dragonskin cloak
   (You took it off Tiamat on level 4 of the Realm of Zot)

   Avatar's Aegis: It grants the wearer a chance to resist fire, cold, poison,
   electricity, acid, and negative energy.
Jewellery
 g - an amulet of regeneration (around neck)
 h - the ring of the Mage {Wiz Archmagi}
   (You found it on level 3 of the Crypt)

   [ring of wizardry]

   It improves your spell success rate.
   Archmagi:  It increases the power of your magical spells.
 p - the ring of the Madman {rC+ Int+2}
   (You took it off a tengu reaver on level 5 of the Vaults)

   [ring of protection from cold]

   Int:       It affects your intelligence (+2).
   rC:        It protects you from cold.
 u - the ring of Shadows {Umbra +Inv Stlth+}
   (You took it off a deep elf blademaster on level 3 of the Elven Halls)

   [ring of stealth]

   Umbra:     It surrounds you with an aura of shadow, increasing your stealth
   and reducing the accuracy of all others within it.
   +Inv:      It lets you turn invisible.
   Stlth:     It makes you more stealthy.
 y - the ring "Awamiet" {rElec rPois Will+ rCorr Dex-5}
   (You found it on level 2 of the Vaults)

   [ring of willpower]

   Dex:       It affects your dexterity (-5).
   rElec:     It insulates you from electricity.
   rPois:     It protects you from poison.
   rCorr:     It protects you from acid and corrosion.
   Will:      It increases your willpower.
 J - the ring "Naxtub" {EV+5 Int+4 Dex+3}
   (You acquired it on level 1 of the Elven Halls)

   [ring of evasion]

   EV:        It affects your evasion (+5).
   Int:       It affects your intelligence (+4).
   Dex:       It affects your dexterity (+3).
 O - the ring of the Camelopard (right hand) {rF+ Will+++ rCorr Str-2 SInv}
   (You found it in a treasure trove)

   [ring of protection from fire]

   Str:       It affects your strength (-2).
   rF:        It protects you from fire.
   SInv:      It lets you see invisible.
   rCorr:     It protects you from acid and corrosion.
   Will:      It greatly increases your willpower.
 R - the ring "Uhorghe" (left hand) {Fly rPois rF+ Stlth-}
   (You found it on level 3 of the Elven Halls)

   [ring of flight]

   rF:        It protects you from fire.
   rPois:     It protects you from poison.
   Fly:       It grants you flight.
   Stlth:     It makes you less stealthy.
 W - the ring of the Louse {+Blink rN+ Int+2}
   (You found it on level 3 of the Elven Halls)

   [ring of positive energy]

   Int:       It affects your intelligence (+2).
   rN:        It protects you from negative energy.
   +Blink:    It lets you blink.
Wands
 d - a wand of flame (34)
 A - a wand of iceblast (55)
 L - a wand of acid (8)
Scrolls
 j - 10 scrolls of fog
 k - 17 scrolls of teleportation
 m - 2 scrolls of immolation
 t - 2 scrolls of blinking
 v - 17 scrolls of enchant weapon
 w - 7 scrolls of vulnerability
 B - 6 scrolls of poison
 E - 4 scrolls of silence
 G - 7 scrolls of enchant armour
 N - 9 scrolls of fear
 P - 3 scrolls of amnesia
Potions
 b - 8 potions of brilliance
 c - 24 potions of curing
 z - 17 potions of flight
 H - 9 potions of berserk rage
 I - a potion of invisibility
 M - 15 potions of mutation
 Q - 3 potions of resistance
 T - 7 potions of magic
 V - 7 potions of cancellation
 X - 12 potions of ambrosia
 Y - 13 potions of lignification
Miscellaneous
 f - a tin of tremorstones (2/2)
 i - a phial of floods
 o - a lightning rod (4/4)
 s - a condenser vane
 K - a phantom mirror
 S - a figurine of a ziggurat


   Skills:
 + Level 23.2 Fighting
 - Level 3.3 Throwing
 * Level 25.5 Armour
 + Level 19.0 Dodging
 - Level 3.3 Stealth
 - Level 6.6 Shields
 + Level 26.7 Unarmed Combat
 * Level 18.9 Spellcasting
 - Level 3.3 Hexes
 O Level 27 Necromancy
 - Level 9.9 Translocations
 - Level 19.9 Transmutations


You had 12 spell levels left.
You knew the following spells:

 Your Spells              Type           Power      Damage    Failure   Level
b - Blink                 Tloc           100%       N/A       1%          2
c - Blade Hands           Tmut           38%        N/A       1%          5
d - Vampiric Draining     Necr           88%        2d12      0%          3
e - Death Channel         Necr           44%        N/A       1%          6
g - Apportation           Tloc           100%       N/A       1%          1
i - Infestation           Necr           44%        N/A       2%          8
l - Lesser Beckoning      Tloc           100%       N/A       1%          2
n - Necromutation         Tmut/Necr      41%        N/A       11%         8
p - Passwall              Tmut/Erth      45%        N/A       1%          2
u - Dispel Undead         Necr           88%        3d28      0%          4
v - Vhi's Electric Charg  Tloc/Air       72%        N/A       10%         3
w - Wereblood             Tmut           76%        N/A       0%          2
y - Yara's Violent Unrav  Hex/Tmut       29%        3d12      6%          5

Your spell library contained the following spells:

 Spells                   Type           Power      Damage    Failure   Level
 Beastly Appendage        Tmut           100%       N/A       0%          1
 Necrotise                Necr           100%       1d9       0%          1
 Sublimation of Blood     Necr           88%        N/A       0%          2
 Animate Dead             Necr           88%        N/A       0%          4
 Agony                    Necr           88%        N/A       0%          5
 Kiss of Death            Conj/Necr      100%       2d13      1%          1
 Sting                    Tmut/Pois      100%       1d8       1%          1
 Gell's Gravitas          Tloc           53%        N/A       1%          3
 Spider Form              Tmut/Pois      54%        N/A       1%          3
 Teleport Other           Tloc           53%        N/A       1%          3
 Anguish                  Hex/Necr       33%        N/A       1%          4
 Borgnjor's Vile Clutch   Necr/Erth      31%        N/A       2%          5
 Borgnjor's Revivificati  Necr           44%        N/A       2%          8
 Momentum Strike          Conj/Tloc      72%        3d10      4%          2
 Ignite Poison            Fire/Tmut/Pois 43%        N/A       4%          3
 Portal Projectile        Hex/Tloc       86%        N/A       4%          3
 Ice Form                 Ice/Tmut       54%        N/A       4%          4
 Manifold Assault         Tloc           53%        N/A       4%          4
 Passage of Golubria      Tloc           53%        N/A       4%          4
 Petrify                  Tmut/Erth      54%        N/A       4%          4
 Slow                     Hex            100%       N/A       6%          1
 Alistair's Intoxication  Tmut/Pois      36%        N/A       11%         5
 Simulacrum               Ice/Necr       31%        N/A       14%         6
 Ensorcelled Hibernation  Hex/Ice        48%        N/A       19%         2
 Confusing Touch          Hex            30%        N/A       19%         3
 Kindle Blastsparks       Fire/Tloc/Air  60%        2d15      19%         3
 Tukima's Dance           Hex            30%        N/A       19%         3
 Foxfire                  Conj/Fire      68%        2x1d7     24%         1
 Freeze                   Ice            68%        1d8       24%         1
 Magic Dart               Conj           68%        1d6       24%         1
 Sandblast                Erth           34%        2d9       24%         1
 Shock                    Conj/Air       68%        1d7       24%         1
 Summon Small Mammal      Summ           68%        N/A       24%         1
 Iskenderun's Mystic Bla  Conj/Tloc      36%        2d9       30%         4
 Call Imp                 Summ           17%        N/A       36%         2
 Poisonous Vapours        Pois/Air       34%        N/A       36%         2
 Scorch                   Fire           34%        2d6       36%         2
 Searing Ray              Conj           34%        2d5       36%         2
 Static Discharge         Conj/Air       34%        2-4/arc   36%         2
 Dazzling Flash           Conj/Hex       48%        N/A       36%         3
 Inner Flame              Hex/Fire       24%        N/A       36%         3
 Summon Guardian Golem    Hex/Summ       24%        N/A       36%         3
 Death's Door             Necr           44%        N/A       36%         9
 Eringya's Noxious Bog    Tmut/Pois      27%        N/A       52%         6
 Statue Form              Tmut/Erth      36%        N/A       52%         6
 Dispersal                Tloc           26%        N/A       54%         6
 Call Canine Familiar     Summ           17%        N/A       58%         3
 Frozen Ramparts          Ice            34%        1d6       58%         3
 Hailstorm                Conj/Ice       17%        3d6       58%         3
 Mephitic Cloud           Conj/Pois/Air  17%        N/A       58%         3
 Ozocubu's Armour         Ice            17%        N/A       58%         3
 Stone Arrow              Conj/Erth      34%        3d9       58%         3
 Swiftness                Air            17%        N/A       58%         3
 Haunt                    Necr/Summ      31%        N/A       63%         7
 Summon Forest            Summ/Tloc      18%        N/A       65%         5
 Fulminant Prism          Conj/Hex       12%        3d9       77%         4
 Leda's Liquefaction      Hex/Erth       12%        N/A       77%         4
 Airstrike                Air            8%         2d(2-18)  94%         4
 Animate Armour           Summ/Erth      34%        N/A       94%         4
 Flame Wave               Conj/Fire      17%        2d7       94%         4
 Olgreb's Toxic Radiance  Pois           17%        N/A       94%         4
 Sticky Flame             Conj/Fire      17%        2d4       94%         4
 Metabolic Englaciation   Hex/Ice        12%        N/A       98%         5
 Silence                  Hex/Air        12%        N/A       98%         5
 Summon Mana Viper        Hex/Summ       24%        N/A       98%         5
 Storm Form               Tmut/Air       27%        N/A       98%         7
 Arcjolt                  Conj/Air       8%         1d18      100%        5
 Fireball                 Conj/Fire      8%         3d6       100%        5
 Freezing Cloud           Conj/Ice/Air   8%         6-21      100%        5
 Lee's Rapid Deconstruct  Erth           8%         3d7*      100%        5
 Conjure Ball Lightning   Conj/Air       8%         3x3d6     100%        6
 Iron Shot                Conj/Erth      8%         9d3       100%        6
 Starburst                Conj/Fire      8%         6d4       100%        6
 Summon Cactus Giant      Summ           8%         N/A       100%        6
 Enfeeble                 Hex            15%        N/A       100%        7
 Orb of Destruction       Conj           8%         9d6       100%        7
 Ozocubu's Refrigeration  Ice            8%         4d9       100%        7
 Spellforged Servitor     Conj/Summ      8%         N/A       100%        7
 Summon Hydra             Summ           8%         N/A       100%        7
 Disjunction              Tloc           26%        N/A       100%        8
 Ignition                 Fire           8%         3d5       100%        8
 Lehudib's Crystal Spear  Conj/Erth      8%         10d4      100%        8
 Maxwell's Capacitive Co  Air            8%         ∞         100%        8
 Dragon's Call            Summ           8%         N/A       100%        9
 Polar Vortex             Ice            8%         N/A       100%        9
 Shatter                  Erth           8%         3d10*     100%        9


Dungeon Overview and Level Annotations

Branches:
Dungeon (15/15)            Temple (1/1) D:6            Lair (5/5) D:11
 Shoals (4/4) Lair:2       Spider (4/4) Lair:3        Slime (5/5) Lair:5
    Orc (2/2) D:12            Elf (3/3) Orc:2        Vaults (5/5) D:14
  Crypt (3/3) Vaults:3       Tomb (3/3) Crypt:3      Depths (4/4) D:15
   Hell (visited)             Dis (7/7) Hell            Geh (7/7) Hell
    Coc (7/7) Hell            Tar (7/7) Hell            Zot (5/5) Depths:4
 WizLab (visited)

Altars:
Ashenzari
Cheibriados
Dithmenos
Elyvilon
Fedhas
Gozag
Hepliaklqana
Kikubaaqudgha
Makhleb
Nemelex Xobeh
Okawaru
Qazlal
Ru
Sif Muna
Trog
Uskayaw
Vehumet
Wu Jian
Xom
Yredelemnul
Zin
The Shining One
Jiyva

Shops:
D:4 *   Orc:2 [*=[   Elf:2 ****(   Shoals:2 (**[   Vaults:4 [   Depths:4 (

Portals:
Hell: Depths:1 Depths:2 Depths:3 Depths:4
Abyss: Depths:3 Depths:4
Pandemonium: Depths:2

Annotations:
Zot:4 4 transporters


Innate Abilities, Weirdness & Mutations

You have razor-sharp teeth.
Your natural rate of healing is unusually fast.
When hurt, damage is shared between your health and your magic reserves.
Your bite disrupts and absorbs the magic of your enemies.
Potions cannot restore your health.


Message History

There is a stone staircase leading up here.
You fly upwards.
There is a stone staircase leading down here.
There is an open door here.
Your unholy channel is weakening.
There is an open door here.
Your extra speed is starting to run out.
Your unholy channel expires.
You feel yourself slow down.
Your transformation is almost over.
There is a stone staircase leading up here.
You fly upwards.
There is a stone staircase leading down here.
You feel yourself come back to life.
There is an open door here.
Casting: Death Channel (safe; 1% risk of failure)
Confirm with . or Enter, or press ? or * to list all spells.
Aiming: Passwall (safe; 1% risk of failure)
Press: ? - help, Dir - move target A rock wall.
This square is covered in magical glow.
You begin to meditate on the wall.
You continue meditating on the rock. x2
You finish merging with the rock.
You fly upwards.
There is a stone staircase leading down here.
Casting: Passwall (safe; 1% risk of failure)
Confirm with . or Enter, or press ? or * to list all spells.
Aiming: Passwall (safe; 1% risk of failure)
Press: ? - help, Dir - move target A rock wall.
This square is covered in magical glow.
You begin to meditate on the wall.
You continue meditating on the rock. x2
You finish merging with the rock.
There is a staircase leading out of the dungeon here.
You are a level 27 Vine Stalker Necromancer.
I'm sorry, level 27 is as high as you can go.
With the way you've been playing, I'm surprised you got this far.
Play time: 12:33:17 (70940 turns).
You are forever immune to Zot's power.
Magic restored.
You have escaped!

###########
#.........# ######
#...###...####.....
#.@.#.#...'.##.....
#...###...#........
#.........##.....##
############.....#
###....###.....#
#.......##>....#
#.......##.#####
#...[......######
#.......#....)..#


There were no monsters in sight!

Vanquished Creatures
  Cerebov (Pan)
  Antaeus (Coc:7)
  Asmodeus (Geh:7)
  the Royal Jelly (Slime:5)
  Dissolution (Slime:4)
  Gloorx Vloq (Pan)
  Ereshkigal (Tar:7)
  Lom Lobon (Pan)
  the Serpent of Hell (Tar:7)
  Tiamat (Zot:4)
  3 orbs of fire
  4 dread liches
  Dispater (Dis:7)
  The ghost of Ogritsah the Conqueror, a legendary MiBe of Trog (Zot:1)
  Mara (Shoals:4)
  6 ancient liches
  6 pandemonium lords
  Mennas (Crypt:1)
  7 royal mummies
  Sojobo (Vaults:4)
  Josephina (Crypt:1)
  10 shard shrikes (Coc:7)
  The ghost of Vafan the Slayer, a veteran FoFi of Okawaru (Elf:2)
  Parghit (Depths:3)
  6 Killer Klowns
  Bai Suzhen (Spider:4)
  Saint Roka (Vaults:4)
  Margery (Vaults:2)
  9 caustic shrikes
  Xtahua (Vaults:4)
  4 curse toes
  4 golden dragons
  Jory (Vaults:2)
  2 profane servitors (Tar:3)
  18 bone dragons
  6 iron giants
  15 Tzitzimimeh
  8 doom hounds
  9 hellephants
  16 Brimstone Fiends
  16 Hell Sentinels
  The ghost of Peveen Urom the Severer, an adept HOFi of Zin (Spider:2)
  15 Ice Fiends
  15 tentacled monstrosities
  A walking crystal tome (Depths:3)
  Jorgrun (Spider:3)
  An electric golem (Zot:5)
  15 tainted leviathans
  Mlioglotl (Shoals:4)
  Rupert (D:13)
  9 liches
  The ghost of Kiqipt the Bringer of Life, an adept HuMo of Elyvilon (Vaults:3)
  Asterion (Spider:1)
  19 searing wretches
  20 titans
  3 deep elf master archers
  16 Orb Guardians
  10 quicksilver dragons
  17 acid blobs
  4 deep elf blademasters
  2 walking divine tomes (WizLab)
  The ghost of Apeheil the Alchemist, an adept HuAr of Ru (Spider:2)
  12 Executioners
  Agnes (D:14)
  5 tentacled starspawn
  Kirke (D:12)
  22 ancient champions
  10 death cobs
  The ghost of Ulaiz the Covert, an adept OpSu of Hepliaklqana (Spider:2)
  8 sphinxes
  8 shadow dragons
  A strange machine (WizLab)
  17 storm dragons
  10 tengu reavers
  3 draconian monks
  5 revenants
  12 fire giants
  2 draconian knights (Zot:3)
  7 azure jellies
  10 rockslimes
  4 quicksilver elementals
  4 demonspawn warmongers (Pan)
  12 narguns
  A fenstrider witch (Shoals:2)
  9 iron dragons
  20 vault wardens
  2 spectral juggernauts
  9 ghost moths
  4 curse skulls
  8 frost giants
  9 deep elf sorcerers
  A juggernaut zombie (Hell)
  3 draconian scorchers
  3 draconian stormcallers
  4 spectral caustic shrikes
  3 shard shrike simulacra
  7 emperor scorpions
  39 balrugs
  3 spriggan defenders
  11 ghouls
  8 draconian shifters
  The ghost of Zekacab the Fighter, a journeyman OgWr of Wu Jian (Lair:2)
  14 war gargoyles
  14 reapers
  2 angels (Depths:4)
  A caustic shrike skeleton (Tar:7)
  2 demonspawn blood saints (Pan)
  3 deep elf elementalists (Elf:3)
  23 ironbound preservers
  18 stone giants
  A quicksilver ooze (shapeshifter) (Vaults:5)
  3 draconian annihilators
  8 quicksilver oozes
  3 demonspawn corrupters (Pan)
  3 orc warlords
  19 very ugly things
  8 cacodemons
  4 ironbound thunderhulks
  20 elemental wellsprings
  8 vampire knights
  Nessos (D:12)
  4 broodmothers
  11 green draconians
  13 putrid mouths
  6 bennus
  5 purple draconians
  6 lorocyprocas
  12 deep elf annihilators
  3 demonspawn black suns (Pan)
  6 yellow draconians
  14 black draconians
  8 deep elf demonologists
  10 white draconians
  9 wendigos
  Azrael (D:14)
  4 spark wasps (Spider:4)
  13 dire elephants
  13 red draconians
  7 green deaths (Pan)
  16 iron golems
  7 merfolk javelineers
  8 deep elf death magi
  9 blizzard demons
  16 eidola
  15 mummy priests
  3 spectral spriggans
  A spectral quicksilver dragon (Tar:7)
  2 crystal guardians (Vaults:3)
  11 great orbs of eyes
  7 deep elf high priests
  13 fire dragons
  3 entropy weavers
  17 ettins
  10 jiangshi
  11 merfolk impalers
  32 vault guards
  A spectral fenstrider witch (Tar:2)
  A spriggan zombie (Tar:7)
  14 yaktaur captains
  12 ice dragons
  The ghost of anet the Covert, a journeyman GnBr of Sif Muna (Lair:1)
  3 jorogumos
  4 caustic shrike simulacra
  18 rakshasas
  A quicksilver dragon skeleton (Tar:7)
  3 hell beasts
  2 peacekeepers (Vaults:3)
  8 ironbound frosthearts
  5 spriggan air magi
  3 spriggan skeletons
  An ogre mage (D:14)
  3 salamander tyrants
  10 two-headed ogres
  2 death knights (Crypt:1)
  5 merfolk avatars
  A jorogumo (shapeshifter) (Vaults:5)
  5 stokers
  6 hydras
  2 catoblepae (Lair:5)
  4 juggernaut simulacra
  3 alligator snapping turtles
  3 radroaches
  An alligator (shapeshifter) (Elf:3)
  12 boulder beetles
  5 merfolk aquamancers
  10 centaur warriors
  33 death scarabs (Tomb:2)
  7 death yaks (Lair:5)
  2 satyrs
  40 dancing weapons
  9 deep troll shamans
  12 deep troll earth magi
  7 spriggan berserkers
  2 thrashing horrors (Abyss:2)
  A titan zombie (Crypt:2)
  6 tengu warriors
  2 spectral dire elephants
  A shock serpent (shapeshifter) (Depths:3)
  Urug (D:14)
  19 hell hogs
  6 vampire magi
  Nergalle (Lair:3)
  51 sun demons
  5 orc high priests
  17 soul eaters
  5 crystal echidnas
  22 deep elf knights
  A titan skeleton (Tar:7)
  12 hell knights
  A spark wasp zombie (Depths:1)
  3 wretched stars
  6 sea snakes
  A spectral anaconda (Tar:2)
  3 quicksilver dragon simulacra
  28 shadow wraiths
  3 pharaoh ants
  A spectral bunyip (Tar:2)
  10 iron trolls
  11 skeletal warriors
  A skyshark (shapeshifter) (Vaults:4)
  7 orb spiders
  12 sixfirhies
  3 skysharks
  A sun moth (Spider:2)
  5 bog bodies
  11 glowing orange brains
  2 spriggan simulacra
  56 deep trolls
  A spriggan rider (Depths:2)
  A swamp dragon (shapeshifter) (Depths:4)
  11 phantasmal warriors
  A shadow demon (Pan)
  An obsidian statue (Elf:2)
  A bunyip zombie (Tomb:1)
  7 flayed ghosts
  A tengu zombie (Tomb:3)
  A shadow dragon zombie (Crypt:1)
  23 deep elf archers
  An orange crystal statue (Shoals:1)
  6 wizards
  10 large abominations
  9 lindwurms
  14 steelbarb worms
  2 bunyip skeletons
  11 ironbound convokers
  2 anaconda skeletons
  A fire giant zombie (Crypt:2)
  14 ugly things
  18 wolf spiders
  6 orc sorcerers
  32 deep elf zephyrmancers
  11 orc knights
  A broodmother zombie (Crypt:3)
  35 harpies
  4 shining eyes
  2 starcursed masses (Abyss:2)
  30 deep elf pyromancers
  2 worldbinders (Abyss:2)
  6 necromancers
  2 spectral ettins
  16 manticores
  6 cyclopes
  6 fauns
  3 spectral centaurs
  28 moths of wrath
  7 oklob plants
  A sphinx skeleton (Crypt:3)
  3 iron dragon skeletons
  5 merfolk sirens
  10 black mambas
  16 orange demons
  3 elephants (Lair:5)
  Joseph (D:9)
  24 vault sentinels
  6 rust devils
  12 water nymphs
  A guardian serpent (shapeshifter) (D:14)
  2 dire elephant zombies
  2 ice statues (Coc:7)
  2 apocalypse crabs (Abyss:3)
  3 titan simulacra
  22 demonic crawlers
  A torpor snail (shapeshifter) (Vaults:5)
  18 smoke demons
  2 gargoyles
  7 torpor snails
  A centaur skeleton (Crypt:1)
  2 eyes of devastation
  An unseen horror (Pan)
  7 cane toads
  A storm dragon simulacrum (Depths:1)
  A bunyip simulacrum (Coc:1)
  2 kobold demonologists (D:12)
  12 komodo dragons
  A sea snake zombie (Hell)
  3 freezing wraiths
  9 efreet
  28 yaktaurs
  A naga skeleton (Crypt:1)
  7 rime drakes
  14 hellions
  A yaktaur (shapeshifter) (Depths:1)
  3 anaconda simulacra
  5 hydra zombies
  18 tormentors
  7 tengu conjurers
  A dire elephant skeleton (Crypt:3)
  28 guardian mummies
  2 ancient zymes (Abyss:2)
  4 trolls
  A queen bee (Lair:1)
  A harpy zombie (Abyss:2)
  5 ice devils
  2 silent spectres
  6 spectral harpies
  A minotaur skeleton (Crypt:2)
  29 merfolk
  A red devil (Pan)
  2 spectral nagas (Tar:1)
  6 hellwings (Pan)
  17 meliai
  6 hornets
  3 polar bears
  A troll (shapeshifter) (D:13)
  A tyrant leech (shapeshifter) (Vaults:5)
  2 shadow dragon simulacra
  35 tarantellas
  2 spectral guardian serpents (Crypt:1)
  18 blink frogs
  6 wind drakes
  A wandering mushroom (D:11)
  A hydra skeleton (Hell)
  8 snapping turtles
  A harpy skeleton (Tomb:1)
  A tarantella zombie (Crypt:2)
  13 dream sheep
  A meliai zombie (Crypt:1)
  A raiju (Abyss:2)
  23 jumping spiders
  An ettin zombie (Tar:7)
  79 slime creatures
  A black mamba zombie (Crypt:1)
  4 spriggans
  2 shadows (Abyss:2)
  2 centaur simulacra (Coc:2)
  29 water elementals
  8 air elementals
  20 culicivoras
  A merfolk skeleton (Crypt:1)
  38 yaks
  2 dire elephant simulacra
  A fire bat (Abyss:3)
  25 flying skulls
  7 ynoxinuls (Pan)
  8 ushabtiu
  3 wraiths
  3 golden eyes
  16 humans
  7 neqoxecs
  4 wyverns
  4 hogs (D:12)
  9 vampire mosquitoes
  3 small abominations (Abyss:2)
  8 chaos spawn (Pan)
  11 fire elementals
  60 redbacks
  A basilisk (Lair:3)
  A fire bat zombie (Crypt:3)
  A naga zombie (Tar:7)
  4 harpy simulacra
  6 wargs
  2 hell hounds
  17 water moccasins
  An acid dragon (D:10)
  A water moccasin (shapeshifter) (D:15)
  A glowing shapeshifter skeleton (Depths:1)
  Duvessa (D:7)
  2 black bears
  3 ettin simulacra
  42 orc warriors
  2 ice beasts (D:7)
  A sky beast (D:6)
  A black bear (shapeshifter) (Vaults:5)
  A meliai simulacrum (D:15)
  A fire dragon simulacrum (Crypt:1)
  A manticore zombie (Lair:5)
  4 ogres
  5 wolves
  A boggart (Lair:2)
  A snapping turtle skeleton (Crypt:2)
  A phantom (D:5)
  15 centaurs
  A cyclops zombie (Crypt:1)
  6 bullfrogs
  Blork the orc (D:6)
  3 kobold brigands
  7 necrophages
  An elf skeleton (Crypt:3)
  3 gnoll sergeants (D:8)
  A scorpion (D:7)
  4 earth elementals
  3 naga simulacra
  12 wights
  Dowan (D:7)
  16 killer bees
  2 wolf zombies
  3 electric eels (D:14)
  5 howler monkeys
  A centaur zombie (D:3)
  3 hounds
  2 iron imps (Abyss:2)
  10 jellies
  Crazy Yiuf (D:7)
  24 orc priests
  3 gnoll boudas
  12 iguanas
  12 human skeletons (Vaults:3)
  27 orc wizards
  A black bear skeleton (Crypt:3)
  A hell rat (Hell)
  A scorpion zombie (D:3)
  A boggart zombie (Crypt:2)
  A sky beast zombie (Crypt:3)
  A deep dwarf skeleton (Crypt:2)
  A hound zombie (D:3)
  19 mummies
  24 gnolls
  12 adders
  A shadow imp (D:7)
  A white imp (D:6)
  3 ufetubi
  2 adder zombies
  A jelly zombie (Crypt:2)
  9 orc zombies
  A worm (D:2)
  A dart slug (D:4)
  131 orcs
  7 ball pythons
  6 endoplasms
  7 giant cockroaches
  3 goblins
  11 hobgoblins
  9 jackals
  4 quokkas
  4 bats (D:1)
  21 frilled lizards
  13 kobolds
  A kobold skeleton (Crypt:1)
  5 rats
  A creeping inferno (Geh:7)
  14 fire vortices
  3 starspawn tentacles (Abyss:2)
3469 creatures vanquished.

Vanquished Creatures (collateral kills)
  Mnoleg (Pan)
  A dread lich (Zot:5)
  An orb of fire (Zot:5)
  An ancient lich (Tar:7)
  A juggernaut (Dis:7)
  10 royal mummies
  2 shard shrikes (Coc:7)
  A curse toe (Zot:5)
  3 caustic shrikes
  Geryon (Hell)
  Nikola (Shoals:3)
  A profane servitor (Tar:2)
  A Brimstone Fiend (Geh:7)
  3 Tzitzimimeh
  2 doom hounds
  2 bone dragons
  2 electric golems (Zot:5)
  5 tainted leviathans
  4 hellephants
  7 Hell Sentinels
  8 tentacled monstrosities
  4 searing wretches (Geh:7)
  3 titans
  A shard shrike skeleton (Tar:7)
  An Ice Fiend (Coc:7)
  A lich (Tomb:1)
  10 Orb Guardians (Zot:5)
  An eldritch tentacle (Pan)
  A quicksilver dragon (Zot:5)
  6 ancient champions
  An acid blob (Slime:4)
  3 sphinxes (Tomb:1)
  5 Executioners (Pan)
  A demonspawn warmonger (Pan)
  A tengu reaver (Zig:4)
  A draconian monk (Zot:2)
  An azure jelly (Coc:1)
  Donald (Shoals:1)
  2 storm dragons (Zot:5)
  4 narguns
  2 iron dragons (Hell)
  A fire giant (Depths:3)
  A draconian scorcher (Abyss:3)
  A deep elf sorcerer (Vaults:1)
  2 quicksilver elementals
  3 shard shrike simulacra
  A curse skull (Pan)
  A draconian shifter (Abyss:3)
  Aizul (Spider:2)
  6 balrugs
  A draconian stormcaller (Zot:4)
  3 war gargoyles
  2 draconian annihilators
  2 reapers
  2 quicksilver oozes (Slime:5)
  3 very ugly things
  3 cacodemons (Pan)
  2 stone giants
  2 ironbound preservers
  An elemental wellspring (Coc:3)
  2 bennus
  A dire elephant (Vaults:4)
  A white draconian (Zot:2)
  A black draconian (Zot:3)
  A deep elf annihilator (Pan)
  A red draconian (Depths:4)
  3 putrid mouths
  A lorocyproca (Hell)
  5 eidola
  7 iron golems
  A blizzard demon (Pan)
  A merfolk impaler (Shoals:4)
  5 green deaths (Pan)
  An ettin (Depths:1)
  A merfolk javelineer (Shoals:4)
  2 entropy weavers
  11 mummy priests
  A hydra (Lair:3)
  A fire dragon (Depths:2)
  A salamander tyrant (Geh:4)
  2 rakshasas (Pan)
  2 vault guards
  A centaur warrior (Vaults:1)
  4 caustic shrike simulacra
  A merfolk avatar (Shoals:3)
  A juggernaut simulacrum (Coc:2)
  A catoblepas (Lair:5)
  A spriggan skeleton (Pan)
  2 boulder beetles
  A dancing weapon (Elf:2)
  An ogre mage (D:15)
  2 stokers
  2 tengu warriors (Depths:4)
  10 hell hogs
  12 death scarabs (Tomb:2)
  A death yak (Lair:5)
  A deep troll shaman (Depths:2)
  A spriggan berserker (Depths:2)
  A titan zombie (Tomb:3)
  5 hell knights (Hell)
  13 sun demons (Pan)
  2 crystal echidnas (Dis:7)
  A soul eater (Hell)
  8 shadow wraiths
  4 skeletal warriors
  An anaconda zombie (Hell)
  A sixfirhy (Pan)
  An iron troll (Depths:1)
  A spectral anaconda (Tar:1)
  A spectral bunyip (Tar:2)
  A pharaoh ant (Spider:2)
  2 deep elf archers
  A spectral iron dragon (Tar:7)
  A sea snake (Shoals:2)
  A glowing orange brain (Vaults:3)
  5 deep trolls
  A lindwurm (Vaults:1)
  A quicksilver dragon simulacrum (Coc:1)
  A spriggan simulacrum (Coc:1)
  2 wizards (Pan)
  An anaconda skeleton (Pan)
  8 harpies
  2 deep elf pyromancers
  3 necromancers (Hell)
  2 steelbarb worms (Spider:4)
  A mana viper (Abyss:2)
  A wolf spider (Spider:1)
  6 ugly things
  3 fauns (Shoals:2)
  4 shining eyes
  A spectral centaur (Tar:1)
  A moth of wrath (shapeshifter) (Vaults:5)
  A moth of wrath (Zot:5)
  A merfolk siren (Shoals:4)
  A titan simulacrum (Coc:1)
  4 rust devils (Hell)
  A storm dragon simulacrum (Hell)
  A naga zombie (Tomb:2)
  5 cane toads
  15 smoke demons (Pan)
  3 demonic crawlers
  2 dire elephant skeletons
  An orange demon (Pan)
  3 eyes of devastation
  A rime drake (Lair:1)
  A freezing wraith (Coc:1)
  A yaktaur (Vaults:1)
  A hellion (Coc:7)
  2 komodo dragons
  A spectral deep troll (Tar:1)
  3 ice devils (Hell)
  An efreet (Pan)
  3 naga skeletons
  A redback zombie (Spider:1)
  2 ancient zymes (Abyss:2)
  An anaconda simulacrum (Coc:1)
  An iron giant simulacrum (Coc:4)
  7 tormentors
  17 guardian mummies
  A hydra zombie (Tar:7)
  3 hellwings (Pan)
  A wind drake (Shoals:2)
  7 merfolk
  5 tarantellas
  4 dream sheep
  6 blink frogs
  14 flying skulls
  A snapping turtle (Shoals:3)
  2 hydra skeletons (Hell)
  9 slime creatures
  A spectral black mamba (Tar:1)
  9 yaks
  2 culicivoras
  2 water elementals
  6 ushabtiu
  3 ynoxinuls (Pan)
  A dire elephant simulacrum (Coc:2)
  6 golden eyes (Pan)
  6 redbacks
  8 chaos spawn (Pan)
  3 neqoxecs (Pan)
  5 large abominations
  4 harpy simulacra
  2 hydra simulacra (Hell)
  A floating eye (Pan)
  3 water moccasins
  An ettin simulacrum (Coc:5)
  2 wolves
  A bullfrog (D:7)
  A wight (D:4)
  A killer bee (Lair:3)
  4 jellies
  3 iguanas (Lair:3)
  2 hell rats (Hell)
  21 mummies
  A gnoll (D:8)
  A dart slug (D:5)
  7 orcs
  An endoplasm (D:1)
  A giant cockroach (D:3)
  A goblin (D:1)
  A hobgoblin (D:2)
  A jackal (D:2)
  2 quokkas (D:1)
  A ball python (D:1)
  7 frilled lizards
  A kobold (D:1)
  2 rats
  A ball lightning (Pan)
  2 creeping infernos (Geh:7)
  9 fire vortices
599 creatures vanquished.

Vanquished Creatures (others)
  An ancient lich (Crypt:3)
  An eldritch tentacle (Pan)
  A deep elf sorcerer (Elf:3)
  A Killer Klown zombie (Zot:2)
  A rockslime zombie (Slime:5)
  A blizzard demon (Pan)
  6 acid blob zombies (Slime:5)
  A very ugly thing zombie (Depths:3)
  An azure jelly zombie (Slime:5)
  A quicksilver ooze zombie (Slime:5)
  A deep elf knight (Elf:2)
  An emperor scorpion zombie (Spider:4)
  A storm dragon zombie (Depths:1)
  An ogre zombie (Vaults:2)
  A golden dragon zombie (Zot:1)
  A ghost moth zombie (Zot:3)
  A deep elf archer (Elf:2)
  3 glowing orange brains (Pan)
  A spark wasp zombie (Spider:4)
  A deep elf zephyrmancer (Elf:1)
  A deep elf pyromancer (Elf:1)
  2 fire giant zombies (Depths:3)
  A shadow dragon zombie (Zot:2)
  An iron dragon zombie (Depths:3)
  4 wolf spider zombies
  4 stone giant zombies
  A frost giant zombie (Depths:3)
  3 draconian zombies
  A moth of wrath (Zot:5)
  3 centaur zombies (Vaults:1)
  A demonic crawler (Zig:2)
  A shock serpent zombie (Depths:3)
  A titan simulacrum (Coc:4)
  An alligator snapping turtle zombie (Shoals:3)
  2 black draconian zombies
  A death yak zombie (Lair:5)
  A purple draconian zombie (Zot:4)
  2 yellow draconian zombies
  2 red draconian zombies
  2 sea snake zombies
  2 iron troll zombies
  A bunyip simulacrum (Coc:2)
  A green draconian zombie (Zot:1)
  A white draconian zombie (Zot:1)
  6 redback zombies
  12 harpy zombies
  An iron giant simulacrum (Coc:4)
  A hellwing (Pan)
  5 moth of wrath zombies
  A merfolk (Shoals:3)
  2 demonic crawler zombies
  9 tarantella zombies
  6 fire dragon zombies
  2 dream sheep (Shoals:3)
  2 ice dragon zombies
  A meliai zombie (Lair:3)
  5 spriggan zombies
  3 great orb of eyes zombies (Slime:5)
  4 ettin zombies (Depths:3)
  A boulder beetle zombie (Spider:1)
  12 merfolk zombies
  6 culicivora zombies
  A satyr zombie (Shoals:4)
  6 slime creature zombies
  A yak (D:10)
  A neqoxec (Pan)
  7 tengu zombies
  15 deep troll zombies
  A harpy simulacrum (Coc:4)
  36 orc zombies
  2 two-headed ogre zombies (D:15)
  A cane toad zombie (Lair:3)
  2 faun zombies (Shoals:4)
  A water moccasin (D:7)
  4 manticore zombies
  A snapping turtle zombie (Shoals:3)
  31 elf zombies
  2 dream sheep zombies (Shoals:3)
  A hornet zombie (Depths:2)
  2 ettin simulacra
  A blink frog zombie (Lair:4)
  27 human zombies
  A yaktaur zombie (Depths:1)
  3 komodo dragon zombies (Lair:3)
  2 water moccasin zombies
  15 yak zombies
  2 warg zombies
  A polar bear zombie (Lair:3)
  3 wolf zombies (Lair:2)
  A hell rat (Hell)
  A killer bee zombie (Lair:3)
  An adder zombie (Lair:2)
  4 iguana zombies (Lair:3)
  5 frilled lizard zombies (Lair:3)
  2 ball lightnings (Pan)
  5 creeping infernos
  4 fire vortices (Geh:7)
  21 fungi
  111 plants
  9 starspawn tentacles
  4 withered plants (Spider:2)
484 creatures vanquished.

Grand Total: 4552 creatures vanquished

Notes
Turn   | Place    | Note
-------+----------+-------------------------------------------
     0 | D:1      | RepoMan the Vine Stalker Necromancer began the quest for
                  | the Orb.
     0 | D:1      | Reached XP level 1. HP: 9/9 MP: 4/4
    81 | D:1      | Reached skill level 1 in Unarmed Combat
    81 | D:1      | Reached XP level 2. HP: 13/13 MP: 4/6
   365 | D:1      | Reached XP level 3. HP: 16/16 MP: 3/7
  1174 | D:2      | Found a faded altar of an unknown god.
  1236 | D:2      | Gained mutation: Your natural rate of healing is unusually
                  | fast. [Vine Stalker growth]
  1236 | D:2      | Reached XP level 4. HP: 21/21 MP: 2/8
  2333 | D:3      | Learned a level 3 spell: Vampiric Draining
  2374 | D:3      | Reached XP level 5. HP: 24/24 MP: 9/9
  2510 | D:3      | Found a basalt altar of Yredelemnul.
  2585 | D:3      | Noticed an ogre
  2683 | D:3      | Killed an ogre
  2684 | D:3      | Reached skill level 5 in Unarmed Combat
  2684 | D:3      | Reached XP level 6. HP: 28/28 MP: 10/10
  3185 | D:4      | Found Ziat Poe's General Store.
  3202 | D:4      | Bought a scroll of identify for 28 gold pieces
  3246 | D:4      | Identified the +1 hand axe of Fedhas's Regard {drain, rN+}
  3710 | D:4      | Found a large runed translucent door.
  3751 | D:4      | Found a large runed translucent door.
  3783 | D:4      | Noticed a yak
  3802 | D:4      | Killed a yak
  3803 | D:4      | Reached XP level 7. HP: 28/32 MP: 8/11
  3887 | D:4      | Found a large runed translucent door.
  3887 | D:4      | Found a large runed translucent door.
  3930 | D:4      | Reached skill level 5 in Necromancy
  3997 | D:4      | Identified the +0 robe of the Valley {rPois Int+3}
  4308 | D:5      | Entered Level 5 of the Dungeon
  4503 | D:5      | Gained mutation: You have razor-sharp teeth. [Vine Stalker
                  | growth]
  4503 | D:5      | Reached XP level 8. HP: 36/36 MP: 12/12
  5422 | D:6      | Found a staircase to the Ecumenical Temple.
  5466 | Temple   | Entered the Ecumenical Temple
  5575 | D:6      | Reached skill level 10 in Unarmed Combat
  5636 | D:6      | Reached XP level 9. HP: 35/39 MP: 13/13
  5732 | D:6      | Noticed Blork the orc
  5741 | D:6      | Killed Blork the orc
  6237 | D:7      | Reached skill level 1 in Fighting
  6323 | D:7      | Found a runed translucent door.
  6324 | D:7      | Noticed Crazy Yiuf
  6332 | D:7      | Killed Crazy Yiuf
  6581 | D:7      | Found a stormy altar of Qazlal.
  6582 | D:7      | Found an ornate altar of the Wu Jian Council.
  6593 | D:7      | Became a worshipper of the Wu Jian Council
  6705 | D:7      | Noticed a two-headed ogre
  6721 | D:7      | Killed a two-headed ogre
  6722 | D:7      | Reached XP level 10. HP: 40/49 MP: 12/14
  7311 | D:7      | Noticed Dowan
  7466 | D:8      | Noticed a two-headed ogre
  7487 | D:8      | Killed a two-headed ogre
  7488 | D:8      | Reached skill level 1 in Armour
  7574 | D:8      | Reached * piety under Wu Jian
  7575 | D:8      | Reached skill level 6 in Necromancy
  7577 | D:8      | Noticed a two-headed ogre
  7594 | D:8      | Killed a two-headed ogre
  7833 | D:8      | Reached skill level 5 in Fighting
  7836 | D:8      | Reached XP level 11. HP: 55/55 MP: 15/15
  7846 | D:8      | Learned a level 4 spell: Animate Dead
  7849 | D:8      | Learned a level 2 spell: Blink
  7852 | D:8      | Learned a level 2 spell: Lesser Beckoning
  8500 | D:9      | Noticed Joseph
  8511 | D:9      | Killed Joseph
  9346 | D:9      | Reached ** piety under Wu Jian
  9493 | D:9      | Noticed a manticore
  9520 | D:9      | Killed a manticore
  9590 | D:10     | Entered Level 10 of the Dungeon
  9840 | D:10     | Identified the +6 trident "Maukant" {pain, rPois Str+4}
 10180 | D:10     | Identified the +4 short sword of the Rescuing Sybil {heavy,
                  | rElec rC+}
 10641 | D:11     | Noticed an oklob plant
 10777 | D:11     | Reached skill level 1 in Translocations
 11491 | D:11     | Noticed an oklob plant
 11493 | D:11     | Found a staircase to the Lair.
 11521 | D:11     | Noticed a two-headed ogre
 11531 | D:11     | Killed a two-headed ogre
 12010 | D:11     | Identified 2 scrolls of acquirement
 12012 | D:11     | Acquired 411 gold pieces
 12014 | D:11     | Acquired 990 gold pieces
 12019 | D:11     | an oklob plant changed into a wandering mushroom
 12040 | D:11     | an oklob plant changed into a shambling mangrove
 12040 | D:11     | Noticed a shambling mangrove
 12149 | Lair:1   | Entered Level 1 of the Lair of Beasts
 12230 | Lair:1   | Reached XP level 12. HP: 62/62 MP: 16/16
 12240 | Lair:1   | Reached skill level 5 in Armour
 12387 | Lair:1   | Noticed anet's ghost (journeyman GnBr)
 12717 | Lair:1   | Noticed a boulder beetle
 12730 | Lair:1   | Killed a boulder beetle
 12873 | Lair:1   | Found a transporter.
 12875 | Lair:1   | Found a transporter.
 13273 | Lair:2   | Found a runed translucent door.
 13285 | Lair:2   | Noticed Zekacab's ghost (journeyman OgWr)
 13289 | Lair:2   | Identified the +2 trident "Qosekeck" {venom, rC- rN+ Will+}
 13527 | Lair:2   | Noticed a four-headed hydra
 13535 | Lair:2   | Killed a four-headed hydra
 13540 | Lair:2   | Found a staircase to the Shoals.
 13604 | Lair:2   | Reached skill level 15 in Unarmed Combat
 13635 | Lair:2   | Reached *** piety under Wu Jian
 14127 | Lair:2   | Found the +8 whip "Snakebite" {venom, curare, rPois}
 14442 | Lair:3   | Found a hole to the Spider Nest.
 14511 | Lair:3   | Noticed a four-headed hydra
 14516 | Lair:3   | Killed a four-headed hydra
 14517 | Lair:3   | Reached XP level 13. HP: 48/69 MP: 17/17
 14870 | Lair:3   | Learned a level 2 spell: Wereblood
 14943 | Lair:3   | Noticed Nergalle
 15108 | Lair:3   | Killed Nergalle
 15143 | Lair:3   | Reached skill level 1 in Transmutations
 15204 | Lair:3   | Your ally Nergalle died
 15240 | Lair:3   | Reached **** piety under Wu Jian
 16223 | Lair:5   | Entered Level 5 of the Lair of Beasts
 16777 | Lair:5   | Reached ***** piety under Wu Jian
 16781 | Lair:5   | Found a viscous altar of Jiyva.
 16923 | Lair:5   | Reached skill level 10 in Fighting
 16965 | Lair:5   | Reached XP level 14. HP: 77/77 MP: 19/19
 17060 | Lair:5   | Reached skill level 5 in Transmutations
 18575 | D:12     | Found the brooch of Shielding {Spirit SH+8}
 18778 | D:12     | Found a staircase to the Orcish Mines.
 18795 | D:12     | Reached ****** piety under Wu Jian
 18885 | D:12     | Noticed Nessos
 18898 | D:12     | Killed Nessos
 19024 | D:12     | Noticed Kirke
 19035 | D:12     | Killed Kirke
 19387 | Orc:1    | Entered Level 1 of the Orcish Mines
 19388 | Orc:1    | Found a burning altar of Makhleb.
 19547 | Orc:1    | Reached XP level 15. HP: 59/83 MP: 20/20
 19675 | Orc:1    | You fall into a shaft and drop 1 floor!
 19675 | Orc:2    | Entered Level 2 of the Orcish Mines
 19720 | Orc:2    | Found a staircase to the Elven Halls.
 20393 | Orc:2    | Found Imithay's Assorted Antiques.
 20393 | Orc:2    | Found Koutu's Armour Boutique.
 20692 | Orc:2    | Reached skill level 10 in Armour
 20846 | Orc:2    | Found Ygirghuer's Armour Shoppe.
 20852 | Orc:2    | Found Wuestroli's Jewellery Shoppe.
 20858 | Orc:2    | Bought a scroll labelled DACIGEBUEF for 37 gold pieces
 20858 | Orc:2    | Bought a scroll of identify for 74 gold pieces
 21109 | Orc:2    | Acquired a book of the Senses
 21111 | Orc:2    | Acquired the +2 pair of gloves of Quantum Leap {rElec rPois
                  | Str+5 Stlth-}
 21128 | Orc:2    | Acquired the +0 cloak "Meqiucka" {Str+4 Slay+2 SInv}
 21207 | Orc:2    | Bought a ring of resist corrosion for 260 gold pieces
 21498 | D:7      | Noticed Duvessa
 21501 | D:7      | Killed Dowan
 21504 | D:7      | Killed Duvessa
 22285 | D:13     | Noticed Rupert
 22301 | D:13     | Killed Rupert
 22336 | D:14     | Noticed Urug
 22336 | D:14     | Found a gate to the Vaults.
 22416 | D:14     | You fall into a shaft and drop 1 floor!
 22416 | D:15     | Entered Level 15 of the Dungeon
 22468 | D:14     | Noticed Azrael
 22495 | D:14     | Killed Azrael
 22496 | D:14     | Reached skill level 7 in Necromancy
 22544 | D:14     | Identified the +4 barding of Romm {rC- Int+5 Dex+6}
 22621 | D:14     | Found a sparkling altar of Nemelex Xobeh.
 22716 | D:14     | Noticed Agnes
 22734 | D:14     | Killed Agnes
 23012 | D:14     | Killed Urug
 23269 | D:14     | Found an ancient bone altar of Kikubaaqudgha.
 23343 | D:14     | Identified the +1 leather armour of Light {Fly}
 23451 | D:14     | Found a portal to a secret trove of treasure.
 24158 | D:15     | Reached skill level 5 in Translocations
 24266 | D:15     | Found an opulent altar of Gozag.
 24268 | D:15     | Found a blossoming altar of Fedhas.
 24268 | D:15     | Found a basalt altar of Yredelemnul.
 24313 | D:15     | Found a shimmering altar of Xom.
 24313 | D:15     | Found a shadowy altar of Dithmenos.
 24313 | D:15     | Found a shimmering altar of Xom.
 24395 | D:15     | Reached XP level 16. HP: 88/89 MP: 21/21
 24424 | D:15     | Found a shadowy altar of Dithmenos.
 24486 | D:15     | Reached skill level 8 in Necromancy
 24490 | D:15     | Found a staircase to the Depths.
 24764 | Spider:1 | Entered Level 1 of the Spider Nest
 25174 | Spider:1 | You fall into a shaft and drop 1 floor!
 25441 | Spider:1 | Noticed Asterion
 25454 | Spider:1 | Killed Asterion
 25724 | Spider:1 | Reached skill level 9 in Necromancy
 25819 | Spider:2 | Noticed Aizul
 26061 | Spider:2 | Identified the +3 scale mail of the Game of Life {SInv
                  | Stlth+}
 26063 | Spider:2 | Found a runed translucent gate.
 26068 | Spider:2 | Found a runed translucent gate.
 26069 | Spider:2 | Found a runed translucent gate.
 26078 | Spider:2 | Noticed Apeheil's ghost (adept HuAr)
 26078 | Spider:2 | Noticed Peveen Urom's ghost (adept HOFi)
 26078 | Spider:2 | Noticed Ulaiz's ghost (adept OpSu)
 26118 | Spider:2 | Killed Aizul
 26544 | Spider:2 | Reached XP level 17. HP: 83/93 MP: 22/22
 27031 | Spider:3 | Noticed Jorgrun
 27037 | Spider:3 | Killed Jorgrun
 27723 | Spider:3 | Reached skill level 5 in Dodging
 28000 | Shoals:1 | Entered Level 1 of the Shoals
 28392 | Shoals:1 | Found a transporter.
 28401 | Shoals:1 | Noticed Donald
 28416 | Shoals:1 | Killed Donald
 28591 | Shoals:1 | Identified the +8 plate armour "Upsema" {Fly Regen+ Str+2
                  | Int+3}
 28599 | Shoals:1 | Found a transporter.
 28841 | Shoals:2 | Reached XP level 18. HP: 78/96 MP: 20/23
 29023 | Shoals:2 | Found Soniesh's Visitors' Centre.
 29046 | Shoals:2 | Found Soniesh's Merfolk Armours.
 29052 | Shoals:2 | Bought 2 throwing nets for 72 gold pieces
 29057 | Shoals:2 | Bought a wand of iceblast (6) for 187 gold pieces
 29057 | Shoals:2 | Bought the Codex of Modification for 572 gold pieces
 29057 | Shoals:2 | Bought a wand of iceblast (4) for 124 gold pieces
 29067 | Shoals:2 | Bought a scroll of teleportation for 300 gold pieces
 29079 | Shoals:2 | Learned a level 5 spell: Blade Hands
 29540 | Shoals:3 | Noticed Nikola
 29564 | Shoals:3 | Killed Nikola
 30054 | Shoals:4 | Entered Level 4 of the Shoals
 30054 | Shoals:4 | Found a blossoming altar of Fedhas.
 30203 | Shoals:4 | Noticed Mara
 30208 | Shoals:4 | Killed Mara
 30514 | Shoals:4 | Found a white marble altar of Elyvilon.
 30518 | Shoals:4 | Reached skill level 5 in Spellcasting
 30547 | Shoals:4 | Identified the +9 plate armour of Liberty {rPois}
 30602 | Shoals:4 | Found the +3 salamander hide armour {Flames, rFlCloud rF++
                  | rC--}
 30609 | Shoals:4 | Got a barnacled rune of Zot
 30644 | Shoals:4 | Reached XP level 19. HP: 72/107 MP: 28/28
 30772 | Shoals:4 | Paralysed by an air elemental for 1 turns
 31013 | Shoals:4 | Paralysed by an air elemental for 1 turns
 31167 | Shoals:4 | Noticed Mlioglotl
 31176 | Shoals:4 | Killed Mlioglotl
 31669 | Spider:4 | Entered Level 4 of the Spider Nest
 31689 | Spider:4 | Reached skill level 15 in Fighting
 31827 | Spider:4 | Noticed Bai Suzhen
 31843 | Spider:4 | Killed Bai Suzhen
 31844 | Spider:4 | Reached skill level 10 in Necromancy
 31916 | Spider:4 | Got a gossamer rune of Zot
 32598 | Elf:1    | Entered Level 1 of the Elven Halls
 32936 | Elf:1    | Acquired the ring "Naxtub" {EV+5 Int+4 Dex+3}
 33571 | Elf:1    | You fall into a shaft and drop 1 floor!
 33667 | Elf:2    | Found Cufotep's General Store.
 33676 | Elf:2    | Bought a scroll of identify for 42 gold pieces
 33718 | Elf:2    | Found Venat's Assorted Antiques.
 33731 | Elf:2    | Bought a scroll of identify for 80 gold pieces
 33732 | Elf:2    | Bought a potion of curing for 120 gold pieces
 33732 | Elf:2    | Bought a wand of iceblast (2) for 192 gold pieces
 33753 | Elf:2    | Reached XP level 20. HP: 105/114 MP: 29/30
 33773 | Elf:2    | Found a runed translucent gate.
 33774 | Elf:2    | Found a runed translucent gate.
 33774 | Elf:2    | Found a runed translucent gate.
 33813 | Elf:2    | Noticed Vafan's ghost (veteran FoFi)
 33814 | Elf:2    | Found a runed translucent gate.
 33814 | Elf:2    | Found an opulent altar of Gozag.
 33815 | Elf:2    | Found a runed translucent gate.
 33816 | Elf:2    | Found a runed translucent gate.
 33816 | Elf:2    | Found Muruth's Assorted Antiques.
 33817 | Elf:2    | Found Rerchu Sesidy's Assorted Antiques.
 33838 | Elf:2    | Found Wupla Gudd's Antique Weapon Shoppe.
 33876 | Elf:2    | Reached skill level 11 in Necromancy
 33966 | Elf:2    | Paralysed by an air elemental for 1 turns
 34410 | Elf:3    | Entered Level 3 of the Elven Halls
 34413 | Elf:3    | Paralysed by an air elemental for 1 turns
 34487 | Elf:3    | Paralysed by an air elemental for 1 turns
 35071 | Abyss:2  | Cast into level 2 of the Abyss (a deep elf demonologist)
 35132 | Abyss:2  | Found a corrupted altar of Lugonu.
 35158 | Abyss:2  | Reached skill level 10 in Transmutations
 35202 | Abyss:2  | Found a snail-covered altar of Cheibriados.
 35325 | Elf:3    | Escaped the Abyss
 35437 | Elf:3    | Identified the +12 hand axe "Qopsifant" {heavy, *Rage Fly
                  | rElec Will+}
 35502 | Elf:3    | Identified the ring "Guxemeunt" {MP+9 Int+2 SInv}
 35630 | Elf:3    | Found the +10 tower shield of Ignorance {rN+ Int-4}
 35643 | Elf:3    | Identified the ring "Nomm" {+Blink rPois}
 35669 | Elf:3    | Identified the +2 cloak of Mumblety Peg {Rampage rElec
                  | Will+ Str+3}
 35765 | Elf:3    | Identified the ring "Uhorghe" {Fly rPois rF+ Stlth-}
 35770 | Elf:3    | Identified the +1 helmet of Nikhyogh {Str-4 Int+4 Stlth+}
 35773 | Elf:3    | Identified the ring of the Louse {+Blink rN+ Int+2}
 36214 | Vaults:1 | Entered Level 1 of the Vaults
 36245 | Vaults:1 | Reached XP level 21. HP: 114/119 MP: 31/31
 36921 | Vaults:1 | Reached skill level 10 in Dodging
 36950 | Vaults:1 | Identified the +3 quarterstaff of Gozag's Brutal Revenge
                  | {antimagic, Dex+3}
 37356 | Vaults:2 | Found a magical portal.
 37361 | WizLab   | Entered Tukima's Studio
 37476 | WizLab   | Got Namiugg's Beginning Course on the Wizard's Wisdom
 37479 | WizLab   | Learned a level 1 spell: Apportation
 37493 | WizLab   | Identified the +9 triple crossbow of Cicaunnu {speed, rF+
                  | rC+}
 37522 | WizLab   | Identified the +1 hat of Follow the Leader {Int+4}
 37568 | WizLab   | Noticed RepoMan's illusion
 37581 | WizLab   | Noticed RepoMan's illusion
 37704 | WizLab   | Noticed RepoMan's illusion
 37712 | WizLab   | Reached skill level 15 in Armour
 37748 | WizLab   | Identified the +1 plate armour of Amelioration {rElec rPois
                  | MP-9}
 37762 | WizLab   | Identified the +0 cloak "Hiapn" {rC+}
 37867 | Vaults:2 | Noticed Jory
 37876 | Vaults:2 | Killed Jory
 38082 | Vaults:2 | Noticed Margery
 38094 | Vaults:2 | Killed Margery
 38686 | Vaults:2 | Identified the ring "Awamiet" {rElec rPois Will+ rCorr
                  | Dex-5}
 39001 | Vaults:3 | Reached XP level 22. HP: 119/126 MP: 32/32
 39076 | Vaults:3 | Found a flickering gateway to a bazaar.
 39085 | Bazaar   | Entered a bazaar
 39092 | Bazaar   | Found Wuneteff's General Store.
 39100 | Bazaar   | Bought a scroll of teleportation for 27 gold pieces
 39119 | Bazaar   | Found Xouvua's General Store.
 39133 | Bazaar   | Found Issubib's Antique Armour Boutique.
 39160 | Bazaar   | Found Waeqocan's Weapon Boutique.
 39174 | Bazaar   | Found Murawe's Antique Weapon Shop.
 39267 | Vaults:3 | Found a runed translucent gate.
 39267 | Vaults:3 | Found a runed translucent gate.
 39267 | Vaults:3 | Noticed Kiqipt's ghost (adept HuMo)
 39268 | Vaults:3 | Found a runed translucent gate.
 39270 | Vaults:3 | Found an iron altar of Okawaru.
 39282 | Vaults:3 | Killed Kiqipt's ghost
 39311 | Vaults:3 | Identified the +1 robe of Truth {-Tele rC+ Slay+5}
 39544 | Vaults:3 | Found a staircase to the Crypt.
 40284 | Vaults:4 | Noticed Xtahua
 40291 | Vaults:4 | Killed Xtahua
 40493 | Vaults:4 | Found a transporter.
 40506 | Vaults:4 | Found a transporter.
 40668 | Vaults:4 | Identified the amulet of Izykoky {Acrobat Dex+2}
 40795 | Vaults:4 | Reached XP level 23. HP: 133/133 MP: 33/33
 40803 | Vaults:4 | Noticed Saint Roka
 40823 | Vaults:4 | Killed Saint Roka
 41025 | Vaults:4 | Found Goagurgh's Antique Armour Shoppe.
 41056 | Vaults:4 | Noticed Sojobo
 41066 | Vaults:4 | Killed Sojobo
 41537 | Crypt:1  | Entered Level 1 of the Crypt
 41633 | Crypt:1  | Identified the ring "Jofow" {Ice Fly rPois Str-3 Dex-4}
 41633 | Crypt:1  | Noticed Josephina
 41659 | Crypt:1  | Noticed Mennas
 41669 | Crypt:1  | Killed Mennas
 41684 | Crypt:1  | Killed Josephina
 42627 | Crypt:2  | Identified the +0 robe of Foolhardiness {Str+4}
 43578 | Crypt:3  | Entered Level 3 of the Crypt
 43770 | Crypt:3  | Found a staircase to the Tomb.
 44095 | Crypt:3  | Noticed a curse toe
 44098 | Crypt:3  | Reached XP level 24. HP: 139/139 MP: 34/34
 44104 | Crypt:3  | Killed a curse toe
 44277 | Crypt:3  | Found the ring of the Mage {Wiz Archmagi}
 44389 | Crypt:3  | Noticed an ancient lich
 44389 | Crypt:3  | Noticed an ancient lich
 44402 | Crypt:3  | Identified the +11 shortbow "Lafux" {flame, rC+}
 44404 | Crypt:3  | Killed an ancient lich
 44405 | Crypt:3  | Killed an ancient lich
 44409 | Crypt:3  | Reached skill level 12 in Necromancy
 44427 | Crypt:3  | Got the Notes on Unholy Magic and Attendants
 44773 | Depths:1 | Entered Level 1 of the Depths
 45158 | D:14     | You paid a toll of +4 ice dragon scales to enter a treasure
                  | trove
 45159 | Trove    | Entered a treasure trove
 45166 | Trove    | Identified the ring "Manuah Teria" {rF+ rCorr Str+2 Int-2}
 45168 | Trove    | Identified the ring "Ciz Ucor" {Wiz rF+}
 45176 | Trove    | Identified the ring of the Castellan {*Slow rPois Int+2
                  | SInv}
 45185 | Trove    | Identified the ring of the Camelopard {rF+ Will+++ rCorr
                  | Str-2 SInv}
 45188 | Trove    | Identified the ring of Kynimome {rPois Will+ Slay+2}
 45216 | D:14     | Learned a level 4 spell: Dispel Undead
 45554 | Lair:1   | Killed anet's ghost
 45665 | Lair:2   | Killed Zekacab's ghost
 45754 | Shoals:1 | Identified the +0 cloak "Rubitol" {rPois Str-2 Dex+3}
 46002 | Lair:5   | Found a staircase to the Slime Pits.
 46012 | Slime:1  | Entered Level 1 of the Pits of Slime
 46170 | Slime:4  | Noticed Dissolution
 46172 | Slime:4  | Killed Dissolution
 46491 | Slime:5  | Entered Level 5 of the Pits of Slime
 46522 | Slime:5  | Noticed the Royal Jelly
 46550 | Slime:5  | Killed the Royal Jelly
 46576 | Slime:5  | Got Sif Muna's Secrets of Vile Clouds
 46603 | Slime:5  | Got the Quarto of the Inferno
 46616 | Slime:5  | Identified the ring of Ilag Atu {Fly rElec rC- rN+}
 46654 | Slime:5  | Got a slimy rune of Zot
 46683 | Slime:5  | Identified the +1 robe of Ennui {+Blink rC+ Will- Str+6}
 46686 | Slime:5  | Identified the +8 flail "Zeggahim" {venom, *Corrode Str+4
                  | Int+3}
 46687 | Slime:5  | Identified the +5 hand axe "Johetus" {speed, rElec Will+
                  | MP+9}
 46689 | Slime:5  | Identified the +0 leather armour of Tivucuq {rF+ rCorr}
 47094 | Depths:1 | Reached XP level 25. HP: 144/144 MP: 35/35
 47151 | Depths:1 | Got the Atlas of Doomed Metal
 47153 | Depths:1 | Identified the +10 sling "Adiluw" {freeze, Dex+4}
 47239 | Depths:1 | Found a gateway to Hell.
 47425 | Depths:2 | Found a one-way gate leading to the halls of Pandemonium.
 47502 | Depths:2 | Reached XP level 26. HP: 151/151 MP: 35/35
 48128 | Depths:2 | Acquired the Dissertation on the Phantasmal Snowflakes
 48130 | Depths:2 | Acquired the Encyclopedia of Bloody Frostbite
 48473 | Depths:3 | Learned a level 2 spell: Passwall
 48478 | Depths:3 | Learned a level 4 spell: Manifold Assault
 48482 | Depths:3 | Learned a level 3 spell: Vhi's Electric Charge
 48513 | Depths:3 | Reached skill level 15 in Dodging
 48739 | Depths:3 | Noticed Parghit
 48747 | Depths:3 | Killed Parghit
 49023 | Depths:3 | Found a one-way gate to the infinite horrors of the Abyss.
 49258 | Depths:4 | Entered Level 4 of the Depths
 49278 | Depths:4 | Reached XP level 27. HP: 153/156 MP: 34/36
 49326 | Depths:4 | Found Yhopus's Weapon Shoppe.
 49471 | Depths:4 | Found a one-way gateway to a ziggurat.
 49582 | Depths:4 | Found a gate to the Realm of Zot.
 50197 | Spider:2 | Killed Apeheil's ghost
 50200 | Spider:2 | Killed Ulaiz's ghost
 50202 | Spider:2 | Killed Peveen Urom's ghost
 50505 | Elf:2    | Killed Vafan's ghost
 50517 | Elf:2    | Bought a potion of brilliance for 104 gold pieces
 50517 | Elf:2    | Bought a scroll of teleportation for 78 gold pieces
 50517 | Elf:2    | Bought a scroll of immolation for 104 gold pieces
 50517 | Elf:2    | Bought a potion of might for 104 gold pieces
 50525 | Elf:2    | Bought a wand of acid (4) for 604 gold pieces
 50525 | Elf:2    | Bought a potion of experience for 1800 gold pieces
 50525 | Elf:2    | Bought a potion of might for 144 gold pieces
 50525 | Elf:2    | Bought a potion of brilliance for 144 gold pieces
 50585 | Elf:2    | Reached skill level 13 in Necromancy
 51204 | Vaults:5 | Entered Level 5 of the Vaults
 51256 | Vaults:5 | Reached skill level 14 in Necromancy
 51285 | Vaults:5 | Identified the +2 robe of Gufot {rElec Regen+ Str-3 SInv}
 51294 | Vaults:5 | Identified the ring of the Madman {rC+ Int+2}
 51354 | Vaults:5 | Acquired 560 gold pieces
 51434 | Vaults:5 | Reached skill level 15 in Transmutations
 51472 | Vaults:5 | Acquired 1304 gold pieces
 51498 | Vaults:5 | Reached skill level 10 in Spellcasting
 51966 | Vaults:5 | Noticed an ancient lich
 51972 | Vaults:5 | Killed an ancient lich
 52023 | Vaults:5 | Got a silver rune of Zot
 52199 | Vaults:5 | Found the +10 Black Knight's barding {ponderous, rPois rN+}
 52210 | Vaults:5 | Got the Spellbook of the Charged Fault
 52256 | Vaults:5 | Reached skill level 15 in Necromancy
 52642 | Zot:1    | Entered Level 1 of the Realm of Zot
 52790 | D:14     | Learned a level 8 spell: Necromutation
 52798 | D:14     | Learned a level 6 spell: Death Channel
 53366 | Zot:1    | Found a runed translucent door.
 53369 | Zot:1    | Noticed Ogritsah's ghost (legendary MiBe)
 53403 | Zot:1    | Killed Ogritsah's ghost
 54007 | Zot:2    | Reached skill level 16 in Necromancy
 54205 | Zot:2    | Noticed an orb of fire
 54205 | Zot:2    | Found the +5 Lochaber axe {reach-cleave, Poleaxe Drain}
 54214 | Zot:2    | Killed an orb of fire
 54887 | Zot:3    | Reached skill level 17 in Necromancy
 55990 | Zot:4    | Found the +4 dragonskin cloak
 55990 | Zot:4    | Noticed Tiamat
 56121 | Zot:4    | Reached skill level 18 in Necromancy
 56319 | Zot:4    | Killed Tiamat
 56361 | Zot:4    | Found a transporter.
 56361 | Zot:4    | Found a transporter.
 56363 | Zot:4    | Found a transporter.
 56418 | Zot:4    | Found a transporter.
 56789 | Zig:1    | Entered Level 1 of a ziggurat
 56803 | Zig:2    | Entered Level 2 of a ziggurat
 56804 | Zig:2    | Noticed Ytzoxud the pandemonium lord
 56810 | Zig:2    | Killed Ytzoxud the pandemonium lord
 56833 | Zig:3    | Entered Level 3 of a ziggurat
 56850 | Zig:3    | Identified the +8 falchion "Sayv" {antimagic, rC+ Int+3
                  | Stlth-}
 56880 | Zig:4    | Entered Level 4 of a ziggurat
 56912 | Zig:5    | Entered Level 5 of a ziggurat
 56958 | Zig:6    | Entered Level 6 of a ziggurat
 56964 | Zig:6    | Found the +9 sword of Power {lifebolt}
 56972 | Zig:6    | Identified the +5 longbow "Udekim" {antimagic, rC+ rN+
                  | rCorr Stlth+}
 56973 | Zig:6    | Identified the +6 morningstar of Mayhem {heavy, rN+}
 56974 | Zig:6    | Identified the +4 glaive of Evisceration {flame, rF- Will+
                  | rCorr Str+3}
 56981 | Zig:7    | Entered Level 7 of a ziggurat
 57012 | Zig:7    | Got the Vellum of Jinxing and the Torch
 57087 | Pan      | Entered Pandemonium
 57233 | Pan      | Reached skill level 19 in Necromancy
 57302 | Pan      | Noticed Zuatedgh the pandemonium lord
 57312 | Pan      | Killed Zuatedgh the pandemonium lord
 57592 | Pan      | Gained mutation: Your body sometimes deteriorates upon
                  | taking damage. [a neqoxec]
 57632 | Pan      | Noticed Ogiefer the pandemonium lord
 57639 | Pan      | Killed Ogiefer the pandemonium lord
 57838 | Pan      | Noticed Sateusef the pandemonium lord
 57847 | Pan      | Killed Sateusef the pandemonium lord
 57874 | Pan      | Learned a level 5 spell: Yara's Violent Unravelling
 57885 | Pan      | Learned a level 8 spell: Infestation
 57887 | Depths:2 | Escaped Pandemonium
 58099 | Zot:5    | Entered Level 5 of the Realm of Zot
 58332 | Zot:5    | Reached skill level 20 in Necromancy
 58332 | Zot:5    | Noticed an orb of fire
 58332 | Zot:5    | Noticed an orb of fire
 58342 | Zot:5    | Noticed a dread lich
 58346 | Zot:5    | Killed a dread lich
 58349 | Zot:5    | Killed an orb of fire
 58354 | Zot:5    | Killed an orb of fire
 58354 | Zot:5    | Noticed a dread lich
 58359 | Zot:5    | Killed a dread lich
 58419 | Zot:5    | Noticed an orb of fire
 58427 | Zot:5    | Noticed an ancient lich
 58432 | Zot:5    | Killed an orb of fire
 58433 | Zot:5    | Reached skill level 21 in Necromancy
 58438 | Zot:5    | Noticed an ancient lich
 58446 | Zot:5    | Noticed a dread lich
 58450 | Zot:5    | Killed an ancient lich
 58467 | Zot:5    | Killed an ancient lich
 58470 | Zot:5    | Killed a dread lich
 58474 | Zot:5    | Reached skill level 22 in Necromancy
 59095 | Depths:2 | Lost mutation: Your body sometimes deteriorates upon taking
                  | damage. [potion of mutation]
 59095 | Depths:2 | Gained mutation: You sometimes lose your temper in combat.
                  | [potion of mutation]
 59095 | Depths:2 | Lost mutation: You sometimes lose your temper in combat.
                  | [potion of mutation]
 59127 | Pan      | Entered Pandemonium
 59127 | Pan      | Found an exit through the horrors of the Abyss.
 59489 | Pan      | Noticed Siciyrch the pandemonium lord
 59496 | Pan      | Killed Siciyrch the pandemonium lord
 59498 | Pan      | Got a demonic rune of Zot
 59530 | Pan      | Reached skill level 23 in Necromancy
 59639 | Depths:2 | Escaped Pandemonium
 59642 | Pan      | Entered Pandemonium
 60010 | Pan      | Noticed Muomeone the pandemonium lord
 60029 | Pan      | Killed Muomeone the pandemonium lord
 60235 | Pan      | Identified the ring of Voqoll {AC+4 Int+3}
 60265 | Pan      | Entered the realm of Lom Lobon.
 60633 | Pan      | Identified the ring of Pumishe {Fire Str+2 SInv Stlth+}
 60652 | Pan      | Noticed Lom Lobon
 60667 | Pan      | Killed Lom Lobon
 60681 | Pan      | Got a magical rune of Zot
 60883 | Pan      | Entered the realm of Cerebov.
 61082 | Pan      | Identified the +7 executioner's axe "Vuischat" {heavy,
                  | rPois rF+++ rC+ Dex-5}
 61300 | Pan      | Reached skill level 24 in Necromancy
 61349 | Pan      | Identified the +11 battleaxe "Ludaec" {heavy, Fragile Fly
                  | Int+3 Dex+4}
 61379 | Pan      | Found the +6 sword of Cerebov {flame}
 61379 | Pan      | Noticed Cerebov
 61409 | Pan      | Killed Cerebov
 61445 | Pan      | Got a fiery rune of Zot
 61454 | Pan      | Identified the +7 morningstar of Dim Light {heavy, Contam
                  | Str+5}
 61455 | Pan      | Identified the +3 scimitar of the Fool {spect, rF+ Int+3}
 61477 | Pan      | Identified the +9 lajatang "Azxeaxikk" {heavy, rCorr Dex+2}
 61478 | Pan      | Identified the +1 great mace of the Heavens {drain, rCorr
                  | Str+5}
 61481 | Pan      | Identified the +8 morningstar of Mana {drain, Will+}
 61515 | Pan      | Identified the +3 swamp dragon scales of the Butcher {rPois
                  | Int+2 Stlth+}
 61619 | Pan      | Entered the realm of Gloorx Vloq.
 61835 | Pan      | Found an exit through the horrors of the Abyss.
 61903 | Pan      | Noticed Gloorx Vloq
 61914 | Pan      | Killed Gloorx Vloq
 61979 | Pan      | Got a dark rune of Zot
 62024 | Pan      | Entered the realm of Mnoleg.
 62098 | Pan      | Noticed Mnoleg
 62107 | Pan      | Killed Mnoleg
 62126 | Pan      | Got a glowing rune of Zot
 62194 | Depths:2 | Escaped Pandemonium
 62249 | Depths:3 | Voluntarily entered the Abyss.
 62267 | Abyss:2  | Found a corrupted altar of Lugonu.
 62577 | Abyss:3  | Found a transporter.
 62578 | Abyss:3  | Reached skill level 1 in Hexes
 62616 | Abyss:3  | Found a transporter.
 62617 | Abyss:3  | Noticed an ancient lich
 62623 | Abyss:3  | Killed an ancient lich
 62630 | Abyss:3  | Got an abyssal rune of Zot
 62635 | Depths:3 | Escaped the Abyss
 63033 | Tomb:1   | Entered Level 1 of the Tomb of the Ancients
 63270 | Tomb:1   | Noticed a royal mummy
 63277 | Tomb:1   | Killed a royal mummy
 63278 | Tomb:1   | Reached skill level 25 in Necromancy
 63322 | Tomb:1   | Noticed a royal mummy
 63328 | Tomb:1   | Killed a royal mummy
 63382 | Tomb:1   | Noticed a royal mummy
 63389 | Tomb:1   | Killed a royal mummy
 63429 | Tomb:1   | Noticed a royal mummy
 63432 | Tomb:1   | Killed a royal mummy
 63434 | Tomb:1   | Identified the +0 scale mail "Hoqu" {*Corrode Str+4 Dex+2
                  | SInv}
 63464 | Tomb:1   | Identified the +0 trident "Dragon's Tongue" {heavy, rC+}
 63768 | Tomb:2   | Noticed a royal mummy
 63768 | Tomb:2   | Noticed a royal mummy
 63770 | Tomb:2   | Noticed a royal mummy
 63773 | Tomb:2   | Noticed a royal mummy
 63774 | Tomb:2   | Reached skill level 1 in Throwing
 63775 | Tomb:2   | Killed a royal mummy
 63775 | Tomb:2   | Noticed a royal mummy
 63779 | Tomb:2   | Killed a royal mummy
 63781 | Tomb:2   | Killed a royal mummy
 63781 | Tomb:2   | Killed a royal mummy
 63782 | Tomb:2   | Killed a royal mummy
 64115 | Tomb:3   | Entered Level 3 of the Tomb of the Ancients
 64145 | Tomb:3   | Noticed a royal mummy
 64158 | Tomb:3   | Reached skill level 26 in Necromancy
 64166 | Tomb:3   | Noticed a royal mummy
 64187 | Tomb:3   | Noticed a royal mummy
 64187 | Tomb:3   | Killed a royal mummy
 64205 | Tomb:3   | Killed a royal mummy
 64209 | Tomb:3   | Noticed a royal mummy
 64209 | Tomb:3   | Noticed a royal mummy
 64223 | Tomb:3   | Killed a royal mummy
 64240 | Tomb:3   | Noticed a royal mummy
 64248 | Tomb:3   | Killed a royal mummy
 64248 | Tomb:3   | Killed a royal mummy
 64249 | Tomb:3   | Killed a royal mummy
 64250 | Tomb:3   | Noticed a royal mummy
 64253 | Tomb:3   | Killed a royal mummy
 64277 | Tomb:3   | Noticed a royal mummy
 64280 | Tomb:3   | Killed a royal mummy
 64287 | Tomb:3   | Got a golden rune of Zot
 64349 | Tomb:3   | Identified the +4 whip of Lyehav {holy, rC+ MP+9 Str+7
                  | Int-3}
 64374 | Tomb:3   | Identified the +6 quarterstaff "Siereuv" {heavy, Str+2}
 64419 | Tomb:3   | Identified the ring of Hiam {rPois rN+ Slay+3}
 64430 | Tomb:3   | Got the Vellum of the Frigorific Anticline
 64977 | Hell     | Entered the Vestibule of Hell
 65007 | Hell     | Noticed Geryon
 65011 | Hell     | Killed Geryon
 65041 | Hell     | Found a gateway to the ashen valley of Gehenna.
 65111 | Hell     | Found a gateway to the decaying netherworld of Tartarus.
 65122 | Tar:1    | Entered Level 1 of Tartarus
 65130 | Tar:1    | Reached skill level 27 in Necromancy
 65541 | Tar:4    | You are sucked into a shaft and drop 1 floor!
 65895 | Tar:7    | Entered Level 7 of Tartarus
 65930 | Tar:7    | Noticed a dread lich
 65935 | Tar:7    | Killed a dread lich
 65955 | Tar:7    | Noticed an ancient lich
 65962 | Tar:7    | Killed an ancient lich
 65987 | Tar:7    | Noticed the Serpent of Hell
 65990 | Tar:7    | Noticed an ancient lich
 65991 | Tar:7    | Killed the Serpent of Hell
 65996 | Tar:7    | Killed an ancient lich
 66014 | Tar:7    | Noticed Ereshkigal
 66027 | Tar:7    | Killed Ereshkigal
 66050 | Tar:7    | Got a bone rune of Zot
 66447 | Tar:7    | Found the +10 zealot's sword {holy, Zealotry, *Rage rN+
                  | EV+3}
 66447 | Tar:7    | Identified the +1 falchion "Woxico" {protect, Str+4}
 66450 | Tar:7    | Identified the +6 scimitar of Zin's Supremacy {freeze, rF+}
 66570 | Hell     | Found a gateway to the Iron City of Dis.
 66589 | Dis:1    | Entered Level 1 of the Iron City of Dis
 66986 | Dis:3    | Reached skill level 15 in Spellcasting
 67018 | Dis:3    | Found a burning altar of Makhleb.
 67245 | Dis:4    | You are sucked into a shaft and drop 2 floors!
 67485 | Dis:7    | Entered Level 7 of the Iron City of Dis
 67720 | Dis:7    | Noticed a juggernaut
 67725 | Dis:7    | Killed a juggernaut
 67726 | Dis:7    | Found the +4 staff of Dispater
 67726 | Dis:7    | Noticed Dispater
 67736 | Dis:7    | Killed Dispater
 67739 | Dis:7    | Found the +3 warlock's mirror {omnireflect}
 67744 | Dis:7    | Got an iron rune of Zot
 67748 | Dis:7    | Identified the +0 ring mail "Bueraedgh" {Rampage Str+3}
 67924 | Hell     | Found a gateway to the freezing wastes of Cocytus.
 67972 | Coc:1    | Entered Level 1 of Cocytus
 67980 | Coc:1    | Noticed a dread lich
 67983 | Coc:1    | Reached skill level 1 in Shields
 67993 | Coc:1    | Killed a dread lich
 68664 | Coc:7    | Entered Level 7 of Cocytus
 68693 | Coc:7    | Reached skill level 5 in Shields
 68802 | Coc:7    | Identified the +5 flail "Ryagol" {heavy, Dex+6}
 68802 | Coc:7    | Noticed Antaeus
 68825 | Coc:7    | Got an icy rune of Zot
 68829 | Coc:7    | Killed Antaeus
 68891 | Coc:7    | Got the Directory of Damage
 68916 | Coc:7    | Got Witchcraft, Part Nine
 69020 | Geh:1    | Entered Level 1 of Gehenna
 69556 | Geh:7    | Entered Level 7 of Gehenna
 69935 | Geh:7    | Got Vv's Incunabulum of Azure Causimancy
 69965 | Geh:7    | Found the +7 sceptre of Asmodeus
 69965 | Geh:7    | Noticed Asmodeus
 69974 | Geh:7    | Killed Asmodeus
 69976 | Geh:7    | Got an obsidian rune of Zot
 70408 | Zot:5    | Got the Orb of Zot
 70669 | D:15     | Noticed an ancient lich
 70672 | D:15     | Noticed Esoa the pandemonium lord
 70686 | D:14     | Noticed Emufy the pandemonium lord
 70941 | D:$      | Escaped with the Orb!

Illustrated notes

Levels and vault maps discovered:
D:1:      nicolae_arrival_memento_mori, layout_basic, interstate_on_off,
          solitary_fountain, minmay_tree_intersection
D:2:      layout_basic, hellmonk_ecumenical_altar_crossroads
D:3:      layout_basic, nicolae_yredelemnul_corpse_copse
D:4:      layout_loops_ring, serial_shops,
          nicolae_shop_temple_entry_statues_fountains,
          minmay_hollow_rounded_squares
D:5:      layout_loops_ring
D:6:      layout_loops_cross, minmay_temple_entry_steel_oval, uniq_blork_the_orc
D:7:      layout_loops_corners, gammafunk_temple_overflow_pools, minmay_bent,
          uniq_duvessa, uniq_crazy_yiuf_cottage
D:8:      layout_cave_pools, serial_gnoll_camp, gnoll_camp_medium_02,
          gnoll_camp_mini_hut, gnoll_camp_mini_hut, gnoll_camp_mini_basic,
          gnoll_camp_mini_house, corner_web_ring
D:9:      layout_layer_cave, nicolae_underground_beach, uniq_joseph
D:10:     layout_grid_maze, lemuel_flame_loot_1
D:11:     layout_layer_cave, dpeg_oklobed_lair, corexii_corridor_pit,
          corexii_corridor_pit
D:12:     layout_irregular_city, hiddenorc2_lemuel, minmay_hedge_maze,
          uniq_nessos, uniq_kirke
D:13:     layout_roguey [special_room_orc], uniq_rupert
D:14:     layout_basic, david_vaults_3, kiku_gazebo_pond_becter,
          nicolae_trove_entry_columns, nemelex_spade_bored_becter, uniq_azrael,
          uniq_agnes
D:15:     grunt_enter_depths_hoard, layout_basic,
          nicolae_dithmenos_through_a_glass_darkly, doesnt_xom_only_xom
Temple:   nicolae_temple_bog_church
Lair:1:   minmay_lair_oklob_chamber, layout_small_grid, gammafunk_ghost_hive
Lair:2:   minmay_guarded_unrand_snakebite, layout_regular_city,
          minmay_shoals_entry_centaurs, ebering_ghost_funeral_grove
Lair:3:   lemuel_reptile_caves, layout_cellular_growth,
          hellmonk_spider_entry_not_the_bees, uniq_nergalle, uniq_urug
Lair:4:   layout_hall_layers, grunt_megastairs_5
Lair:5:   evilmike_catoblepas_cave, layout_long_grid,
          minmay_slime_entry_oklob_enclosed, hangedman_lair_generics_rect,
          grunt_megastairs_1
Shoals:1: gammafunk_sealed_arena, layout_shoals, uniq_donald
Shoals:2: nicolae_shoals_mermall, layout_shoals,
          nicolae_shoals_beach_house_on_fowls_legs
Shoals:3: layout_shoals, uniq_nikola
Shoals:4: shoals_end_hellmonk_storm_palace [storm_palace_center_circular,
          storm_palace_corner_altar, storm_palace_corner_narrow,
          storm_palace_corner_blocked, storm_palace_corner_altar],
          uniq_mlioglotl, uniq_mara
Spider:1: layout_spider_delve, nicolae_spider_rock_and_or_roll, uniq_asterion
Spider:2: nicolae_spider_hall_of_the_moth_king, gammafunk_ghost_cemetery,
          uniq_aizul
Spider:3: nicolae_spider_obnoxious_hallway, uniq_jorgrun
Spider:4: guppyfry_spider_rune, nicolae_spider_webbed_stairs, uniq_bai_suzhen
Slime:1:  layout_caves, basic_altar, special_room [special_room_jelly]
Slime:2:  layout_caves
Slime:3:  layout_caves, cheibrodos_slime_lost_civilization_6
Slime:4:  nicolae_slime_jelly_donut, layout_caves, dissolution_awaits
Slime:5
Orc:1:    layout_diamond_mine, basic_altar, nicolae_orc_rockfall
Orc:2:    st_orc_elflike, layout_caves, minmay_orc_temple_b
Elf:1:    eino_elf_arrival_customs, layout_loops_cross, lemuel_flamethrower_2
Elf:2:    nicolae_elf_blades_crystal_corner, layout_gridlike,
          ebering_ghost_gozag, serial_shops, nicolae_stop_n_shop_2, shop,
          nicolae_lakefront_shop
Elf:3:    grunt_elf_hall_branching, layout_geoelf_diagonals
Vaults:1: nicolae_vaults_network_star, grunt_vaults_bifocal, v_misc_2,
          nicolae_vaults_border_crossing, hangedman_vaults_snaps,
          vaults_room_hangedman_quadrants, v_misc_12,
          nicolae_vaults_little_squares_2, nicolae_vaults_ring_of_whatevers,
          nicolae_vaults_little_squares_2, vaults_room_corners,
          layout_vaults_big_room
Vaults:2: mu_enter_wizlab_2, v_misc_5, vaults_dpeg_ring,
          vaults_room_fancy_cross, v_misc_15, ontoclasm_vaults_decontamination,
          nicolae_vaults_little_squares_5, ontoclasm_vaults_misaligned,
          nicolae_vaults_gold_heap, layout_vaults_omnigrid, uniq_jory,
          uniq_margery
Vaults:3: gammafunk_ghost_fury_of_okawaru, v_misc_9,
          ontoclasm_vaults_ring_small, nicolae_vaults_lopsided_apartments,
          dpeg_vaults_monster_row, minmay_crypt_entry_simple_round,
          vaults_room_hallway, v_misc_27, grunt_vaults_funnel,
          hangedman_vaults_nodes, vaults_dpeg_diagonal,
          nicolae_vaults_specimen_jars, dpeg_vaults_monster_box,
          layout_vaults_maze_snakey, serial_shops, bzr_entry_dummy
Vaults:4: v_misc_19, gammafunk_the_bubble [the_bubble_gammafunk_split],
          vaults_room_fancy_cross, hangedman_vaults_variations, v_misc_5,
          v_rooms_6, nicolae_vaults_circle_grid_a,
          nicolae_vaults_three_branches, vaults_room_fours,
          ontoclasm_vaults_ring_small, layout_vaults_omnibox, serial_shops,
          shop, uniq_saint_roka, uniq_sojobo, uniq_xtahua
Vaults:5
Crypt:1:  layout_chaotic_city, nrook_guardian_serpent_ordinary, uniq_josephina,
          uniq_mennas
Crypt:2:  layout_catacombs, roderic_lattice_octagonal_star
Crypt:3:  david_glass_crypt, layout_gridlike
Tomb:1
Tomb:2
Tomb:3
Depths:1: layout_cave_pools, lightli_too_deep,
          minmay_checkered_concentric_circles
Depths:2: minmay_box_of_statues, layout_cave_pools, pan_entry,
          serial_column_ruins, column_ruins_square_medium,
          column_ruins_hut_pillars, column_ruins_open_small,
          column_ruins_open_tiny, column_ruins_grid_1, column_ruins_grid_1,
          hell_entry, minmay_misc_feat_ornament, library_closet
Depths:3: minmay_the_grid_octo_tiled_squarecenter_mashed
          [minmay_the_grid_octo_pinwheel, minmay_the_grid_octo_checkered,
          minmay_the_grid_octo_horde, minmay_the_grid_octo_clover_2,
          minmay_the_grid_square_5x5_megaprize_crossed,
          minmay_the_grid_square_5x5_lines, minmay_the_grid_square_5x5_fat_x,
          minmay_the_grid_square_5x5_broken_cross,
          minmay_the_grid_square_5x5_inner_v], layout_gridlike, serial_sigils,
          serial_sigils_hangedman_confine, serial_sigils_hangedman_gnaw,
          serial_sigils_hangedman_writhe, serial_sigils_hangedman_leer,
          serial_sigils_hangedman_stare, pf_hell_entry_tar_river, abyss_entry,
          minmay_staircase_statues, uniq_parghit
Depths:4: grunt_x_marks_the_spot, layout_cave_pools, enter_ziggurat_f,
          hell_entry, serial_shops, nicolae_square_shop, abyss_entry_crystal
Hell
Dis:1:    layout_overlapping_boxes, nicolae_dis_strange_trophy_room
Dis:2:    layout_subdivisions
Dis:3:    kennysheep_iron_temple, layout_gridville, minmay_strange_pillars
Dis:4:    layout_regular_city
Dis:6:    nicolae_dis_metal_hellway, layout_regular_city,
          nicolae_dis_step_into_the_octagon
Dis:7:    dis_st
Geh:1:    layout_gehenna_pools_box
Geh:2:    layout_gehenna_lava_caves, nicolae_geh_amphitheater
Geh:3:    layout_gehenna_lava_caves
Geh:4:    layout_gehenna_pools_box
Geh:5:    layout_gehenna_pools_triple
Geh:6:    layout_gehenna_pools_triple
Geh:7:    geh_old
Coc:1:    layout_cocytus_water_paths
Coc:2:    layout_ice_bergs, nicolae_coc_wendigon
Coc:3:    layout_ice_bergs
Coc:4:    layout_ice_bergs
Coc:5:    layout_cocytus_water_paths
Coc:6:    layout_cocytus_water_paths
Coc:7:    coc_grunt_cove [coc_grunt_cove_antaeus, coc_grunt_cove_fiend,
          coc_grunt_cove_fiend, coc_grunt_cove_fiend, coc_grunt_cove_fiend]
Tar:1:    layout_grid_maze, nicolae_tar_grid_combs
Tar:2:    layout_grid_maze
Tar:3:    hangedman_tartarus_temple_path, layout_cathedral_of_symmetry
Tar:4:    layout_grid_maze, nicolae_tar_cuneiform_oil,
          nicolae_hells_hurtin_island
Tar:5:    layout_honeycomb
Tar:6:    layout_honeycomb
Tar:7:    tar_old
Zot:1:    layout_misc_corridors, ebering_ghost_inner_flame, grunt_megastairs_2
Zot:2:    kennysheep_spiral_hall, layout_cathedral_of_symmetry, st_stairs_2
Zot:3:    layout_concentric_octagons
Zot:4:    layout_cellular_growth, nicolae_diode_quadrants, uniq_tiamat
Zot:5:    layout_misc_corridors

Skill      XL: |  1  2  3  4  5  6  7  8  9 10 11 12 13 14 15 16 17 18 19 20 21 22 23 24 25 26 27 |
---------------+----------------------------------------------------------------------------------+-----
Unarmed Combat | 1 2 3 5 6 7 10 12 13 14 15 16 17 18 19 20 21 22 23 26 | 26.7
Stealth        | 3 |  3.3
Necromancy     | 5 6 7 9 10 11 12 27 | 27.0
Fighting       | 3 5 6 8 10 11 12 13 14 15 16 17 18 19 23 | 23.2
Dodging        | 3 5 7 8 9 10 12 13 14 15 19 | 19.0
Armour         | 2 4 7 8 9 10 11 12 13 14 15 16 17 18 25 | 25.5
Translocations | 2 3 5 6 7 8 9 |  9.9
Transmutations | 4 6 7 9 10 12 13 19 | 19.9
Spellcasting   | 3 5 6 7 8 18 | 18.9
Hexes          | 3 |  3.3
Throwing       | 3 |  3.3
Shields        | 6 |  6.6

Action                     |  1- 3 |  4- 6 |  7- 9 | 10-12 | 13-15 | 16-18 | 19-21 | 22-24 | 25-27 || total
---------------------------+-------+-------+-------+-------+-------+-------+-------+-------+-------++-------
  Melee: Unarmed           |     2 |    43 |    88 |   438 |  1075 |  1067 |  1291 |  1268 |  4364 ||  9636
         Bite              |     1 |    12 |    33 |   142 |   407 |   448 |   512 |   568 |  2279 ||  4402
         Punch             |       |     1 |     3 |    44 |   118 |   172 |   223 |   239 |   841 ||  1641
         Whip              |       |       |       |       |    18 |    72 |     6 |       |       ||    96
  Throw: Stone             |       |     4 |     2 |     4 |       |       |       |       |       ||    10
         Dart              |       |     4 |    12 |    53 |    17 |     3 |       |       |       ||    89
         Throwing net      |       |       |     2 |    16 |     2 |       |       |       |       ||    20
   Cast: Necrotise         |    70 |   154 |   118 |   139 |    14 |       |       |       |       ||   495
         Vampiric Draining |       |     2 |     4 |     3 |    14 |    19 |     7 |       |       ||    49
         Animate Dead      |       |       |       |     4 |    22 |    15 |    20 |     9 |    21 ||    91
         Blink             |       |       |       |     1 |     2 |     7 |     2 |       |     3 ||    15
         Lesser Beckoning  |       |       |       |       |    23 |    38 |    46 |     7 |    41 ||   155
         Wereblood         |       |       |       |       |    11 |    18 |    36 |    48 |    53 ||   166
         Blade Hands       |       |       |       |       |       |       |    15 |    76 |   105 ||   196
         Apportation       |       |       |       |       |       |       |     3 |     3 |    42 ||    48
         Infestation       |       |       |       |       |       |       |       |       |   255 ||   255
         Necromutation     |       |       |       |       |       |       |       |       |   151 ||   151
         Death Channel     |       |       |       |       |       |       |       |       |    58 ||    58
         Passwall          |       |       |       |       |       |       |       |       |    47 ||    47
         Vhi's Electric Ch |       |       |       |       |       |       |       |       |    36 ||    36
         Dispel Undead     |       |       |       |       |       |       |       |       |    27 ||    27
         Yara's Violent Un |       |       |       |       |       |       |       |       |     9 ||     9
 Invoke: Serpent's Lash    |       |       |       |       |    21 |    18 |     9 |    14 |    67 ||   129
         Heavenly Storm    |       |       |       |       |       |       |       |     1 |     9 ||    10
Ability: Lunge             |       |       |     1 |    58 |   113 |   154 |   118 |    54 |   341 ||   839
         Whirlwind         |       |       |       |    25 |   168 |   233 |   306 |   463 |  1577 ||  2772
         Wall Jump         |       |       |       |       |     2 |     2 |     3 |    10 |    25 ||    42
         End Transformatio |       |       |       |       |       |       |     1 |     1 |    17 ||    19
  Evoke: Wand              |       |     1 |    18 |    12 |    23 |    15 |       |     2 |    17 ||    88
         Tin of tremorston |       |       |       |       |     3 |     2 |       |       |     2 ||     7
         Box of beasts     |       |       |       |       |       |     1 |       |       |       ||     1
         Phial of floods   |       |       |       |       |       |       |     1 |     3 |       ||     4
         Condenser vane    |       |       |       |       |       |       |       |       |     1 ||     1
         Phantom mirror    |       |       |       |       |       |       |       |       |     3 ||     3
    Use: Scroll            |       |     6 |     2 |    11 |    24 |    18 |    11 |     7 |    43 ||   122
         Potion            |       |     1 |       |     4 |     1 |    13 |     6 |     5 |    34 ||    64
   Stab: Distracted        |       |     2 |       |     2 |     5 |     9 |     6 |     6 |    85 ||   115
         Sleeping          |       |     1 |     3 |     6 |     5 |       |       |       |     1 ||    16
         Held in net/web   |       |       |       |     5 |       |       |       |       |       ||     5
         Fleeing           |       |       |       |       |       |     1 |       |       |       ||     1
         Invisible         |       |       |       |       |       |       |    10 |       |       ||    10
 Armour: Robe              |     1 |    21 |    24 |    70 |   113 |       |       |       |       ||   229
         Leather armour    |       |     1 |     1 |       |       |       |       |       |       ||     2
         Skin              |       |       |       |    20 |       |       |       |       |       ||    20
         Scale mail        |       |       |       |       |   102 |   440 |    20 |       |       ||   562
         Plate armour      |       |       |       |       |     4 |       |   453 |   309 |   611 ||  1377
         Gold dragon scale |       |       |       |       |       |       |       |       |   707 ||   707
  Dodge: Dodged            |     2 |    57 |    56 |   169 |   372 |   508 |   455 |   477 |  1791 ||  3887
  Block: Buckler           |       |       |       |       |       |       |       |       |   140 ||   140
         Reflection        |       |       |       |       |       |       |       |       |    16 ||    16

Table legend: (Time is in decaauts)
 A = Elapsed time spent in this place.
 B = Non-inter-level travel time spent in this place.
 C = Inter-level travel time spent in this place.
 D = Time resting spent in this place.
 E = Time spent auto-exploring this place.
 F = Levels seen in this place.
 G = Mean time per level.
                   A        B        C        D        E       F      G
               +--------+--------+--------+--------+--------+-----+--------+
         Total |  69791 |  62703 |   7088 |   5562 |  21281 | 115 |  606.9 |
       Dungeon |  17781 |  15747 |   2034 |   1523 |   8259 |  15 | 1185.4 |
        Temple |     79 |     79 |      0 |      0 |      0 |   1 |   79.0 |
          Lair |   7508 |   6563 |    945 |    947 |   2504 |   5 | 1501.6 |
        Shoals |   3347 |   3122 |    225 |    412 |    284 |   4 |  836.8 |
   Spider Nest |   3920 |   3621 |    299 |    627 |   1029 |   4 |  980.0 |
    Slime Pits |    784 |    784 |      0 |      0 |      0 |   5 |  156.8 |
  Orcish Mines |   1895 |   1721 |    174 |    210 |    377 |   2 |  947.5 |
   Elven Halls |   3795 |   3354 |    441 |     13 |   1394 |   3 | 1265.0 |
        Vaults |   6580 |   5638 |    942 |    255 |   2326 |   5 | 1316.0 |
         Crypt |   3334 |   2983 |    351 |     37 |   1494 |   3 | 1111.3 |
          Tomb |   1597 |   1396 |    201 |    118 |    132 |   3 |  532.3 |
        Depths |   3959 |   3181 |    778 |    197 |   1327 |   4 |  989.8 |
          Hell |    369 |    327 |     42 |     40 |      0 |   1 |  369.0 |
           Dis |   1269 |   1236 |     33 |    259 |      0 |   6 |  211.5 |
       Gehenna |   1032 |   1032 |      0 |      3 |      0 |   7 |  147.4 |
       Cocytus |    967 |    967 |      0 |    344 |      0 |   7 |  138.1 |
      Tartarus |   1360 |   1345 |     15 |     52 |      0 |   7 |  194.3 |
           Zot |   5045 |   4441 |    604 |    181 |   2056 |   5 | 1009.0 |
         Abyss |    622 |    622 |      0 |      5 |      0 |   3 |  207.3 |
   Pandemonium |   3756 |   3756 |      0 |    236 |     85 |  15 |  250.4 |
      Ziggurat |    223 |    223 |      0 |     31 |      0 |   7 |   31.9 |
        Bazaar |    111 |    111 |      0 |      0 |      0 |   1 |  111.0 |
         Trove |     38 |     38 |      0 |      0 |      0 |   1 |   38.0 |
        Wizlab |    410 |    410 |      0 |     71 |     13 |   1 |  410.0 |
               +--------+--------+--------+--------+--------+-----+--------+

Top non-repeatable levels by time:
  Lair:5: 2175 daAuts
    D:11: 1818 daAuts
Vaults:3: 1633 daAuts
  Lair:2: 1623 daAuts
    D:14: 1569 daAuts
  Lair:3: 1522 daAuts
     D:7: 1498 daAuts
 Crypt:2: 1384 daAuts
  Lair:1: 1362 daAuts
     D:4: 1360 daAuts
   Orc:2: 1356 daAuts
Vaults:2: 1355 daAuts
   Zot:2: 1328 daAuts
   Elf:3: 1327 daAuts
   Elf:1: 1287 daAuts
